 Dungeon Crawl Stone Soup version 0.25-a0-403-g49d089a364 (webtiles) character file.

Game seed: 1413346659593922359, levelgen mode: deterministic

595425 sankara the Intangible (level 27, -5/235 HPs)
             Began as a Merfolk Gladiator on Jan 7, 2020.
             Was an Elder of Yredelemnul.
             Slain by an Orb Guardian (17 damage)
             ... on level 5 of the Realm of Zot on Jan 9, 2020.
             The game lasted 05:11:20 (57612 turns).

sankara the Intangible (Merfolk Gladiator)         Turns: 57612, Time: 05:11:21

Health: -5/235     AC: 26    Str: 30    XL:     27
Magic:  22/27      EV: 31    Int: 14    God:    Yredelemnul [****..]
Gold:   6203       SH:  0    Dex: 15    Spells: 21/26 levels left

rFire    + + +     SeeInvis +   a - +5 bardiche of Starshine {drain, rPois Str+2 Int+5}
rCold    + + .     Gourm    .   (shield currently unavailable)
rNeg     + + +     Faith    .   Q - +7 chain mail of Mental Paralysis {rF+ MR+ Regen+}
rPois    +         Spirit   .   l - +4 hat of Shadows and Fog {Stlth+}
rElec    +         Reflect  .   h - scarf {rC+ rF+}
rCorr    +         Harm     .   j - +2 pair of gloves
MR       +++++     Clarity  +   C - +0 pair of boots "Kihokiow" {rElec Slay+3 Stlth+}
Stlth    +.........             v - amulet of the Four Winds {rN+ MR+++ Clar}
HPRegen  1.29/turn              s - ring of Dissent {rN++ MR+ Dex-4 SInv}
MPRegen  0.20/turn              t - ring of Day {rElec rPois rN+ Stlth-}

@: mighty, agile, about to teleport, resistant, hasted and slowed, studying Axes
A: change form in water, swift swim, stealthy swim, camouflage 1, blurry vision
2, clarity, clumsy 1, deformed body, low mp 2, regeneration 1, weak 1
}: 3/15 runes: serpentine, barnacled, silver
a: Recall Undead Slaves, Injury Mirror, Animate Dead, Drain Life, Renounce
Religion


You were on level 5 of the Realm of Zot.
You worshipped Yredelemnul.
Yredelemnul was greatly pleased with you.
You were not hungry.

You visited 10 branches of the dungeon, and saw 50 of its levels.
You visited the Abyss 1 time.
You visited 3 bazaars.
You also visited: Gauntlet and Wizlab.

You collected 12069 gold pieces.
You spent 5866 gold pieces at shops.

Inventory:

Hand Weapons
 a - the +5 bardiche of Starshine (weapon) {drain, rPois Str+2 Int+5}
   (You acquired it on level 1 of the Snake Pit)

   A truly terrible weapon, it drains the life of those it strikes.
   It affects your strength (+2).
   It affects your intelligence (+5).
   It protects you from poison.
Missiles
 d - 24 throwing nets {=f, !d}
 m - 6 datura-tipped darts
 M - 43 javelins (quivered)
 T - 22 atropa-tipped darts
 U - 3 silver javelins
Armour
 h - a scarf of resistance (worn)
   (You found it on level 3 of the Realm of Zot)
 j - a +2 pair of gloves (worn)
   (You found it on level 3 of the Lair of Beasts)
 l - the +4 hat of Shadows and Fog (worn) {Stlth+}
   (You found it on level 5 of the Dungeon)

   It makes you more stealthy.
 C - the +0 pair of boots "Kihokiow" (worn) {rElec Slay+3 Stlth+}
   (You acquired it on level 3 of the Elven Halls)

   It affects your accuracy and damage with ranged weapons and melee attacks
   (+3).
   It insulates you from electricity.
   It makes you more stealthy.
 Q - the +7 chain mail of Mental Paralysis (worn) {rF+ MR+ Regen+}
   (You found it on level 3 of the Elven Halls)

   It protects you from fire.
   It affects your resistance to hostile enchantments.
   It increases your rate of regeneration.
Jewellery
 s - the ring of Dissent (left hand) {rN++ MR+ Dex-4 SInv}
   (You bought it in a shop in a bazaar)

   [ring of see invisible]

   It affects your dexterity (-4).
   It greatly protects you from negative energy.
   It affects your resistance to hostile enchantments.
   It lets you see invisible.
 t - the ring of Day (right hand) {rElec rPois rN+ Stlth-}
   (You bought it in a shop on level 1 of the Snake Pit)

   [ring of poison resistance]

   It insulates you from electricity.
   It protects you from poison.
   It protects you from negative energy.
   It makes you less stealthy.
 v - the amulet of the Four Winds (around neck) {rN+ MR+++ Clar}
   (You bought it in a shop in a bazaar)

   [amulet of nothing]

   It protects you from negative energy.
   It affects your resistance to hostile enchantments.
   It protects you against confusion.
 y - the amulet of Xom's Absentmindedness {+Blink Regen+ Str+5}
   (You found it on level 2 of the Shoals)

   [amulet of regeneration]

   It affects your strength (+5).
   It lets you blink.
   It increases your rate of regeneration.
 D - the amulet "Duyhuguz" {RegenMP rElec Str+5 Int-4}
   (You found it on level 3 of the Depths)

   [amulet of magic regeneration]

   It increases your magic regeneration.
   It affects your strength (+5).
   It affects your intelligence (-4).
   It insulates you from electricity.
 R - the ring of Phasing {EV+8}
   (You found it on level 2 of the Shoals)

   [ring of evasion]

   It affects your evasion (+8).
 W - an uncursed ring of resist corrosion
   (You found it on level 5 of the Lair of Beasts)
 Y - the ring of the Mage {Wiz MR++ Int+3}
   (You found it on level 4 of the Realm of Zot)

   [ring of wizardry]

   It improves your spell success rate.
   It affects your intelligence (+3).
   It affects your resistance to hostile enchantments.
Wands
 c - a wand of scattershot (7)
   (You found it on level 3 of the Realm of Zot)
 q - a wand of clouds (10)
   (You found it on level 2 of the Shoals)
 r - a wand of enslavement (24)
   (You found it on level 1 of the Vaults)
 x - a wand of iceblast (47)
   (You found it on level 4 of the Vaults)
 G - a wand of acid (35)
   (You found it on level 9 of the Dungeon)
 J - a wand of disintegration (79)
   (You found it on level 2 of the Lair of Beasts)
 Z - a wand of digging (5)
   (You found it on level 1 of the Lair of Beasts)
Scrolls
 e - 11 scrolls of fear
 i - 20 scrolls of remove curse
 n - 8 scrolls of magic mapping {!r}
 o - 4 scrolls of enchant armour
 u - 7 scrolls of fog
 w - 15 scrolls of identify
 E - 25 scrolls of teleportation
 K - 6 scrolls of amnesia
 N - 6 scrolls of blinking {!r}
 P - a scroll of brand weapon
Potions
 g - 6 potions of magic
 k - 3 potions of resistance
 p - 14 potions of flight
 A - 4 potions of might
 B - 3 potions of invisibility
 F - a potion of cancellation
 L - 4 potions of haste
 O - 4 potions of mutation {!q}
 S - 31 potions of curing
 V - a potion of agility
Books
 b - a manual of Axes {!d}
   (You found it on level 3 of the Depths)
Miscellaneous
 I - 4 boxes of beasts
Comestibles
 f - 76 rations


   Skills:
 + Level 23.3 Fighting
 - Level 26.0 Polearms
 - Level 16.0 Throwing
 + Level 16.1 Armour
 O Level 27 Dodging
   Level 4.0 Shields
 - Level 5.0 Hexes
 - Level 3.0 Translocations
 - Level 15.0 Invocations


You had 21 spell levels left.
You knew the following spells:

 Your Spells              Type           Power        Failure   Level  Hunger
a - Portal Projectile     Hex/Tloc       ##....       45%         3    ####...
b - Blink                 Tloc           N/A          36%         2    ###....

Your spell library contained the following spells:

 Spells                   Type           Power        Failure   Level  Hunger
 Corona                   Hex            ##.....      12%         1    ##.....
 Slow                     Hex            ##......     17%         2    ###....
 Apportation              Tloc           #.....       26%         1    ##.....
 Confusing Touch          Hex            ##......     34%         3    ####...
 Shroud of Golubria       Chrm/Tloc      #.....       58%         2    ###....
 Gell's Gravitas          Tloc           #.........   61%         3    ####...
 Lesser Beckoning         Tloc           #.........   61%         3    ####...
 Teleport Other           Tloc           #.......     61%         3    ####...
 Animate Skeleton         Necr           N/A          65%         1    ##.....
 Beastly Appendage        Tmut           #.....       65%         1    ##.....
 Infusion                 Chrm           #...         65%         1    ##.....
 Pain                     Necr           #...         65%         1    ##.....
 Sandblast                Erth           #.....       65%         1    ##.....
 Shock                    Conj/Air       #...         65%         1    ##.....
 Sting                    Tmut/Pois      #...         65%         1    ##.....
 Summon Butterflies       Summ           #.......     65%         1    ##.....
 Summon Small Mammal      Summ           #...         65%         1    ##.....
 Inner Flame              Hex/Fire       #.......     67%         3    ####...
 Spectral Weapon          Hex/Chrm       #.......     67%         3    ####...
 Summon Guardian Golem    Hex/Summ       #.......     67%         3    ####...
 Cause Fear               Hex            ##........   75%         4    #####..
 Call Imp                 Summ           #.......     80%         2    ###....
 Corpse Rot               Necr/Air       N/A          80%         2    ###....
 Passwall                 Tmut/Erth      #.......     80%         2    ###....
 Poisonous Vapours        Pois/Air       #.....       80%         2    ###....
 Song of Slaying          Chrm           #.......     80%         2    ###....
 Sticks to Snakes         Tmut           #.......     80%         2    ###....
 Sublimation of Blood     Necr           #.........   80%         2    ###....
 Swiftness                Chrm/Air       #.......     80%         2    ###....
 Call Canine Familiar     Summ           #.......     95%         3    ####...
 Ignite Poison            Fire/Tmut/Pois #.......     95%         3    ####...
 Mephitic Cloud           Conj/Pois/Air  #.......     95%         3    ####...
 Ozocubu's Armour         Chrm/Ice       #.......     95%         3    ####...
 Spider Form              Tmut/Pois      #.........   95%         3    ####...
 Static Discharge         Conj/Air       #.......     95%         3    ####...
 Stone Arrow              Conj/Erth      #.....       95%         3    ####...
 Vampiric Draining        Necr           #.........   95%         3    ####...
 Passage of Golubria      Tloc           N/A          95%         4    #####..
 Leda's Liquefaction      Hex/Erth       #.........   97%         4    #####..
 Iskenderun's Mystic Bla  Conj/Tloc      #.......     99%         4    #####..
 Airstrike                Air            #.........   100%        4    #####..
 Animate Dead             Necr           N/A          100%        4    #####..
 Dispel Undead            Necr           #.......     100%        4    #####..
 Ice Form                 Ice/Tmut       #.......     100%        4    #####..
 Petrify                  Tmut/Erth      #.......     100%        4    #####..
 Sticky Flame             Conj/Fire      #.......     100%        4    #####..
 Summon Ice Beast         Ice/Summ       #.......     100%        4    #####..
 Summon Lightning Spire   Summ/Air       #.......     100%        4    #####..
 Agony                    Necr           #.......     100%        5    ######.
 Alistair's Intoxication  Tmut/Pois      #.......     100%        5    ######.
 Blade Hands              Tmut           #.........   100%        5    ######.
 Bolt of Magma            Conj/Fire/Erth #.........   100%        5    ######.
 Excruciating Wounds      Chrm/Necr      #.........   100%        5    ######.
 Fireball                 Conj/Fire      #.........   100%        5    ######.
 Irradiate                Conj/Tmut      #.........   100%        5    ######.
 Iskenderun's Battlesphe  Conj/Chrm      #.......     100%        5    ######.
 Lee's Rapid Deconstruct  Erth           #.........   100%        5    ######.
 Lightning Bolt           Conj/Air       #.........   100%        5    ######.
 Metabolic Englaciation   Hex/Ice        #.........   100%        5    ######.
 Silence                  Hex/Air        #.........   100%        5    ######.
 Summon Forest            Summ/Tloc      #.........   100%        5    ######.
 Summon Mana Viper        Hex/Summ       #.......     100%        5    ######.
 Yara's Violent Unravell  Hex/Tmut       #.........   100%        5    ######.
 Conjure Ball Lightning   Conj/Air       #.........   100%        6    #######
 Deflect Missiles         Chrm/Air       #.........   100%        6    #######
 Eringya's Noxious Bog    Tmut/Pois      #.........   100%        6    #######
 Freezing Cloud           Conj/Ice/Air   #.........   100%        6    #######
 Hydra Form               Tmut           #.........   100%        6    #######
 Iron Shot                Conj/Erth      #.........   100%        6    #######
 Ozocubu's Refrigeration  Ice            #.........   100%        6    #######
 Simulacrum               Ice/Necr       #.........   100%        6    #######
 Starburst                Conj/Fire      #.........   100%        6    #######
 Orb of Destruction       Conj           #.........   100%        7    #######
 Ring of Flames           Chrm/Fire      #.........   100%        7    #######
 Spellforged Servitor     Conj/Summ      #.........   100%        7    #######
 Summon Hydra             Summ           #.........   100%        7    #######
 Discord                  Hex            ##........   100%        8    #######
 Ignition                 Fire           #.........   100%        8    #######


Dungeon Overview and Level Annotations

Branches:
Dungeon (15/15)            Temple (0/1) D:5            Lair (6/6) D:9
 Shoals (4/4) Lair:4        Snake (4/4) Lair:3        Slime (0/5) Lair:5
    Orc (2/2) D:11            Elf (3/3) Orc:2        Vaults (5/5) D:13
  Crypt (0/3) Vaults:3     Depths (5/5) D:15           Hell (visited)
    Zot (5/5) Depths:5     WizLab (visited)         Gauntlet (visited)
    Dis: Hell:1         Geh: Hell:1         Coc: Hell:1         Tar: Hell:1

Altars:
Ashenzari
Cheibriados
Elyvilon
Gozag
Hepliaklqana
Kikubaaqudgha
Makhleb
Nemelex Xobeh
Okawaru
Qazlal
Ru
Sif Muna
Trog
Uskayaw
Xom
Yredelemnul
The Shining One
Beogh
Jiyva
Lugonu

Shops:
D:6 }   D:7 }   D:8 [   D:14 }   Orc:2 (}[(=*   Elf:3 *   Snake:1 }==
Vaults:1 :   Depths:4 ?   Depths:5 ?

Portals:
Hell: Depths:1 Depths:2 Depths:3 Depths:4 Depths:5
Abyss: Depths:3 Depths:4
Pandemonium: Depths:3
Ziggurat: Depths:4

Annotations:
D:12 1 runed translucent door
Lair:6 exclusion: oklob plant
Hell Geryon


Innate Abilities, Weirdness & Mutations

You revert to your normal form in water.
You are very nimble and swift while swimming.
You are very stealthy in the water. (Stealth+)
Your skin changes colour to match your surroundings (Stealth+).
Scrolls take you longer to read.
You possess an exceptional clarity of mind.
You are clumsy. (Dex -2)
Armour fits poorly on your strangely shaped body.
Your magical capacity is very low. (-20% MP)
Your natural rate of healing is unusually fast.
You are weak. (Str -2)


Message History

The bolt of fire hits you! You resist.
* * * LOW HITPOINT WARNING * * *
Attack whom?
Press: ? - help, Dir - move target cursor, f/p - orb of fire
Aim: an orb of fire (heavily damaged)
You slice the orb of fire!!
The orb of fire is severely damaged.
The electric golem blinks!
The electric golem fails to trigger a net trap.
The Killer Klown blinks!
The orb of fire glows yellow.
The bolt of fire misses you.
The orb of fire emits a lurid red light.
Strange energies course through your body.
Your vision blurs.
Attack whom?
Press: ? - help, Dir - move target cursor, f/p - orb of fire
Aim: an orb of fire (severely damaged)
You open the orb of fire like a pillowcase!!!
The orb of fire is almost destroyed.
The Killer Klown blinks! x3; The Orb Guardian hits you!!
* * * LOW HITPOINT WARNING * * *
Attack whom?
Press: ? - help, Dir - move target cursor, f/p - orb of fire
Aim: an orb of fire (almost destroyed)
You completely miss the orb of fire.
The orb of fire is almost destroyed.
The Orb Guardian barely misses you.
Attack whom?
Press: ? - help, Dir - move target cursor, f/p - orb of fire
Aim: an orb of fire (almost destroyed)
You slice the orb of fire!!
You destroy the orb of fire!
Yredelemnul accepts your kill. The Orb Guardian completely misses you.
The Killer Klown pokes out its tongue.
The electric golem closely misses you. The electric golem barely misses you.
The electric golem hits you but does no damage.
The electric golem completely misses you.
The Orb Guardian barely misses you.
Really read with blurry vision while enemies are nearby?
The Orb Guardian closely misses you.
The Killer Klown blinks!
The Orb Guardian hits you!!
* * * LOW HITPOINT WARNING * * *
The electric golem completely misses you. x2
The electric golem barely misses you.
The electric golem hits you but does no damage.
The Killer Klown blinks!
You begin reading the scroll.
You continue reading the scroll.
The Orb Guardian hits you!
* * * LOW HITPOINT WARNING * * *
The Killer Klown blinks!
The electric golem completely misses you.
The electric golem hits you but does no damage. x2
The electric golem completely misses you.
The Orb Guardian closely misses you.
As you read the scroll of teleportation, it crumbles to dust.
You feel strangely unstable.
You feel the Orb delaying your translocation!
You feel much better. The Orb Guardian hits you.
* * * LOW HITPOINT WARNING * * *
The electric golem blinks!
The Orb Guardian completely misses you.
Your extra speed is starting to run out.
The Killer Klown blinks!
The Orb Guardian hits you!
* * * LOW HITPOINT WARNING * * *
An ancient lich comes into view.
You feel better.
The electric golem crackles and sizzles.
The Orb Guardian hits you but does no damage.
The Tzitzimitl calls on the powers of darkness!
The Killer Klown convulses!
The Orb Guardian convulses!
The Killer Klown convulses!
The Orb Guardian convulses! x2
The Killer Klown convulses!
Your body is wracked with pain!
* * * LOW HITPOINT WARNING * * *
The black draconian shifter convulses!
The Orb Guardian convulses!
You feel better. The Orb Guardian misses you.
The Killer Klown blinks!
The Orb Guardian hits you but does no damage.
The electric golem blinks!
The ancient lich mumbles some strange words.
The ancient lich seems to speed up.
The orb of fire glows red.
Strange energies course through your body.
Your thoughts seem clearer.
The Orb Guardian misses you.
You feel better. The Orb Guardian hits you!!
* * * LOW HITPOINT WARNING * * *
The Orb Guardian hits you but does no damage.
The black draconian shifter mumbles some strange words.
The Tzitzimitl blinks!
The ancient lich casts a spell.
The Tzitzimitl engulfs you.
* * * LOW HITPOINT WARNING * * *
The Tzitzimitl drains your vigour!
You feel yourself slow down. The Tzitzimitl completely misses you.
The electric golem barely misses you.
The electric golem completely misses you. x3
The Killer Klown blinks!
The Orb Guardian closely misses you.
A yellow draconian knight comes into view.
It is wielding a +0 broad axe.
You feel better. The Orb Guardian misses you. The Orb Guardian hits you!
You die...
Your body rises from the dead as a mindless zombie.

*▓...............▓▓▓▓
▓▓....q##▓▓▓▓▓▓▓▓▓▓▓#
##..^.qL.p.......^.zW###
*#.........^......##Wz§§#
*#.......§....^.....###.§§
*.......^.§..)....^..###nn
*.....p..p.)........?# ##D
*....§..XX*))........# #.
*.......X@L*))))....^# ##
*,......18X1.........# #
*,.....^.....)).....^# ##
**........^.........## #.
*#................## *#.
##.........^....## *..
▓▓▓▓################▓▓▓▓###
#..)......^..............=.
#.################.........


You could see 2 orbs of fire, 3 Killer Klowns, a Hell Sentinel, an electric
golem, a yellow draconian knight, 2 ancient liches, a Tzitzimitl, a black
draconian shifter and 4 Orb Guardians.

Vanquished Creatures
  2 ancient liches (Zot:5)
  3 orbs of fire (Zot:5)
  Sojobo (Vaults:4)
  Saint Roka (Orc:2)
  A Killer Klown (Zot:5)
  Xtahua (Vaults:2)
  16 golden dragons
  Jory (Depths:3)
  2 bone dragons
  2 electric golems
  12 tentacled monstrosities
  Rupert (Lair:3)
  A lich (Depths:2)
  The ghost of iamserjio the Spry, an adept OpWn of Okawaru (Elf:2)
  A deep elf blademaster (Elf:3)
  13 Orb Guardians (Zot:5)
  A deep elf master archer (Elf:3)
  8 acid blobs (Zot:2)
  7 death cobs
  A sphinx (Depths:2)
  2 quicksilver dragons
  4 tentacled starspawn (Abyss:2)
  2 krakens
  13 storm dragons
  Ilsuiw (Shoals:2)
  5 shadow dragons
  3 draconian monks
  6 tengu reavers
  6 fire giants
  An orc warlord (Orc:1)
  3 draconian knights
  6 nagarajas
  6 draconian scorchers
  4 iron dragons
  4 ghost moths
  10 vault wardens
  2 draconian shifters
  8 frost giants
  A deep elf sorcerer (Elf:3)
  5 deep elf elementalists (Elf:3)
  A cacodemon (Gauntlet)
  An emperor scorpion (shapeshifter) (Depths:2)
  4 ironheart preservers
  13 stone giants
  3 draconian stormcallers
  A spriggan defender (Depths:3)
  23 very ugly things
  6 draconian annihilators
  3 deep elf demonologists
  A vampire knight (Depths:4)
  A war gargoyle (Depths:2)
  9 green draconians
  5 black draconians
  A dire elephant (D:15)
  11 deep elf annihilators
  6 red draconians
  6 white draconians
  A minotaur (Gauntlet)
  2 spark wasps (Depths:2)
  18 yellow draconians
  Snorg (Lair:3)
  6 statues (WizLab)
  13 purple draconians
  A crystal guardian (Depths:2)
  13 yaktaur captains
  5 deep elf death magi
  7 ettins
  8 fire dragons
  4 merfolk impalers (Shoals:4)
  5 merfolk javelineers
  6 ogre magi
  13 naga warriors
  13 slime creatures
  A deep elf high priest (Vaults:5)
  2 rakshasas
  5 hydras
  16 vault guards
  6 great orbs of eyes
  2 juggernaut simulacra (Depths:2)
  9 ice dragons
  6 spriggan air magi
  2 merfolk avatars
  5 centaur warriors
  Erica (Lair:4)
  15 two-headed ogres
  A merfolk aquamancer (Shoals:4)
  21 dancing weapons
  2 death knights (Vaults:4)
  8 anacondas
  A vampire mage (Depths:3)
  3 deep troll shamans
  2 death yaks (Lair:5)
  2 tengu warriors
  7 deep troll earth magi
  5 shock serpents
  5 thrashing horrors (Abyss:2)
  A spriggan berserker (Depths:4)
  13 deep elf knights
  6 naga sharpshooters
  3 iron trolls
  A storm dragon zombie (Depths:3)
  2 glowing orange brains
  10 hell knights
  11 sea snakes
  10 deep trolls
  7 skeletal warriors
  A wretched star (Abyss:2)
  A sixfirhy (Abyss:2)
  A spark wasp zombie (Depths:3)
  2 wizards
  3 flayed ghosts
  A swamp dragon (shapeshifter) (Depths:2)
  2 unseen horrors
  Pikel (D:8)
  4 naga ritualists
  A kraken simulacrum (Shoals:4)
  11 deep elf archers
  A phantasmal warrior (Vaults:5)
  12 ironbrand convokers
  4 necromancers
  10 orc knights
  A tengu zombie (Vaults:3)
  2 harpies
  50 deep elf magi
  A tengu skeleton (Vaults:3)
  2 shining eyes (shapeshifter)
  16 ugly things
  An oklob plant (Zot:2)
  A mana viper (shapeshifter) (Depths:3)
  2 cyclopes
  3 mana vipers
  4 orc sorcerers
  A manticore (shapeshifter) (Depths:3)
  5 wolf spiders
  9 manticores
  A shining eye (Depths:4)
  A sphinx skeleton (Depths:3)
  2 fauns (Shoals:1)
  3 salamanders (Snake:4)
  A black mamba (shapeshifter) (Vaults:5)
  A worldbinder (Abyss:2)
  A dire elephant zombie (Abyss:2)
  6 human skeletons (Vaults:3)
  17 moths of wrath
  5 merfolk sirens
  A cyclops (shapeshifter) (Depths:3)
  A toenail golem (Abyss:2)
  5 elephants
  2 eyes of devastation (Depths:4)
  2 fire giant skeletons (Vaults:3)
  19 black mambas
  Maurice (Orc:1)
  A rust devil (Zot:5)
  3 naga magi
  2 centaur zombies
  4 guardian serpents (Snake:4)
  A torpor snail (Lair:6)
  3 smoke demons
  A water nymph (Shoals:3)
  An elf skeleton (Depths:3)
  7 vault sentinels
  A minotaur zombie (Gauntlet)
  7 spiny frogs
  A centaur skeleton (D:15)
  3 efreet
  A rime drake (Lair:6)
  3 kobold demonologists (D:13)
  7 komodo dragons
  2 yaktaurs (shapeshifter)
  An ice devil (Abyss:2)
  A rime drake (shapeshifter) (Vaults:3)
  52 yaktaurs
  5 freezing wraiths
  A yaktaur skeleton (Vaults:3)
  8 trolls
  3 meliai (D:14)
  17 merfolk
  3 tengu conjurers
  A queen bee (shapeshifter) (Vaults:2)
  A red devil (Gauntlet)
  5 wind drakes
  4 hornets
  3 raiju (Abyss:2)
  A raiju (shapeshifter) (Depths:4)
  A wolf spider simulacrum (D:15)
  A hornet (shapeshifter) (Elf:3)
  A meliai zombie (D:15)
  4 blink frogs (Lair:2)
  A dream sheep (Lair:4)
  A hippogriff (shapeshifter) (Depths:2)
  6 snapping turtles
  A stone giant simulacrum (Vaults:3)
  7 hippogriffs
  3 human simulacra
  An ettin skeleton (Vaults:3)
  2 redbacks (Gauntlet)
  A spriggan (Depths:3)
  A tarantella (shapeshifter) (Depths:2)
  2 ynoxinuls (Abyss:2)
  5 wraiths
  3 large abominations (Abyss:2)
  2 air elementals
  7 water elementals
  3 fire elementals
  5 wyverns
  15 yaks
  2 fire bats (Depths:3)
  A hungry ghost (D:14)
  A basilisk (shapeshifter) (Vaults:2)
  4 basilisks
  A neqoxec (Gauntlet)
  A golden eye (Abyss:2)
  A chaos spawn (Abyss:2)
  35 nagas
  A soldier ant (D:11)
  An acid dragon (D:15)
  7 wargs
  4 porcupines
  25 water moccasins
  3 ice beasts
  6 small abominations (Abyss:2)
  34 orc warriors
  A swamp drake (Lair:2)
  2 sky beasts
  8 wolves
  2 black bears
  3 phantoms
  A tengu (shapeshifter) (Depths:4)
  A wolf (shapeshifter) (Vaults:3)
  6 centaurs
  18 ogres
  6 crocodiles
  A big kobold (D:10)
  3 gnoll sergeants (D:8)
  11 bullfrogs
  A glowing shapeshifter simulacrum (Vaults:3)
  An earth elemental (Abyss:2)
  4 scorpions
  A water moccasin skeleton (D:4)
  4 killer bees
  8 wights
  2 electric eels
  3 howler monkeys (D:12)
  11 crimson imps
  2 quasits (Abyss:2)
  4 bullfrog zombies
  10 hounds
  25 orc priests
  27 orc wizards
  2 gnoll shamans (D:8)
  25 jellies
  An iron imp (Abyss:2)
  A bullfrog skeleton (D:4)
  An iguana (D:7)
  12 worker ants
  A hound skeleton (D:7)
  22 gnolls (D:8)
  2 howler monkey skeletons
  21 adders
  7 shadow imps
  3 white imps
  An ufetubus (Abyss:2)
  4 oozes
  2 dart slugs
  A worm (D:2)
  2 leopard geckos
  92 orcs
  7 bats
  3 giant cockroaches
  8 goblins
  6 hobgoblins
  3 jackals (D:8)
  3 quokkas
  5 ball pythons
  4 frilled lizards
  10 kobolds
  A quokka skeleton (D:5)
  A quokka zombie (D:7)
  4 rats
  A bush (D:15)
  2 plants
  3 starspawn tentacles (Abyss:2)
  4 tentacles
1577 creatures vanquished.

Vanquished Creatures (collateral kills)
  2 orbs of fire (Zot:5)
  2 ancient liches
  A juggernaut (Depths:1)
  Bai Suzhen (Vaults:2)
  A curse toe (Zot:2)
  Vashnia (Snake:3)
  2 golden dragons
  An electric golem (Zot:5)
  6 tentacled monstrosities
  A lich (Vaults:5)
  7 Orb Guardians (Zot:5)
  3 titans
  2 deep elf master archers
  2 death cobs (Zot:5)
  5 sphinxes
  A shadow dragon (Vaults:5)
  7 tengu reavers
  Kirke (Shoals:1)
  An azure jelly (shapeshifter) (Vaults:5)
  The ghost of semitonal the Unseen, an adept SpEn of Jiyva (Vaults:2)
  A storm dragon (Vaults:5)
  3 draconian monks
  3 frost giants
  2 iron dragons
  4 nagarajas (Snake:4)
  A frost giant (shapeshifter) (Vaults:5)
  A draconian scorcher (Zot:3)
  2 draconian knights (Zot:3)
  Aizul (Elf:1)
  2 draconian shifters (Zot:3)
  A deep elf sorcerer (Elf:3)
  8 vault wardens
  A juggernaut zombie (Depths:3)
  4 deep elf elementalists (Elf:3)
  2 draconian stormcallers (Zot:3)
  6 ironheart preservers
  2 war gargoyles (Depths:2)
  7 stone giants
  13 very ugly things
  3 draconian annihilators
  A lorocyproca (Depths:2)
  4 deep elf demonologists
  An entropy weaver (Vaults:3)
  A green draconian (Zot:3)
  3 deep elf annihilators
  2 white draconians (Zot:5)
  2 black draconians
  6 yellow draconians
  A spark wasp (Depths:2)
  A purple draconian (Zot:3)
  A deep elf death mage (Vaults:4)
  4 merfolk javelineers
  2 fire dragons
  5 ettins
  3 statues (WizLab)
  A deep elf high priest (Elf:3)
  4 merfolk impalers
  Harold (D:8)
  11 yaktaur captains
  A rakshasa (Vaults:2)
  The ghost of LostGamesStreakFreak the Schismatic, a journeyman TrAK of Lugonu (Lair:1)
  13 vault guards
  5 ice dragons
  7 naga warriors
  A great orb of eyes (Depths:3)
  4 ogre magi (Vaults:3)
  2 spriggan air magi (Depths:2)
  A hydra (Lair:5)
  2 merfolk aquamancers (Shoals:4)
  3 anacondas
  2 merfolk avatars (Shoals:4)
  A catoblepas (Lair:6)
  4 centaur warriors
  An alligator snapping turtle (Shoals:4)
  3 satyrs (Shoals:4)
  12 two-headed ogres
  12 dancing weapons
  A death knight (Vaults:4)
  A deep troll earth mage (Vaults:5)
  2 deep troll shamans
  6 death yaks
  A thrashing horror (Abyss:2)
  A small abomination (Elf:3)
  4 naga sharpshooters
  A spriggan berserker (Depths:1)
  2 orc high priests
  17 deep elf knights
  4 shock serpents
  3 shadow wraiths
  A salamander mystic (Snake:4)
  An iron troll (Depths:3)
  A skeletal warrior (Vaults:3)
  4 deep trolls (Vaults:5)
  A death drake (shapeshifter) (Vaults:5)
  5 hell knights
  4 sea snakes
  2 phantasmal warriors (Vaults:5)
  2 wizards
  8 ironbrand convokers
  7 deep elf archers
  7 naga ritualists
  2 necromancers
  A lindwurm (Lair:6)
  8 orc knights
  A harpy (shapeshifter) (Elf:1)
  9 ugly things
  2 manticores (Lair:6)
  4 orc sorcerers
  6 mana vipers
  A tengu skeleton (Vaults:3)
  2 oklob plants (Zot:2)
  38 deep elf magi
  3 harpies (Shoals:1)
  2 slime creatures
  2 cyclopes
  5 fauns (Shoals:1)
  7 guardian serpents
  7 elephants
  2 moths of wrath
  A salamander (Snake:2)
  16 black mambas
  A centaur zombie (D:15)
  A water nymph (shapeshifter) (Elf:1)
  5 naga magi
  5 vault sentinels
  A water nymph (Shoals:1)
  5 merfolk sirens
  4 spiny frogs
  2 centaur skeletons
  3 komodo dragons
  An efreet (Depths:2)
  A rime drake (Lair:6)
  2 freezing wraiths
  12 yaktaurs
  12 merfolk
  4 trolls
  A harpy skeleton (D:15)
  A hornet (D:9)
  2 wind drakes
  5 dream sheep
  A large abomination (Abyss:2)
  A hippogriff (shapeshifter) (Depths:5)
  A snapping turtle (shapeshifter) (Vaults:5)
  2 hippogriffs
  A centaur simulacrum (D:15)
  2 snapping turtles
  2 blink frogs (Lair:2)
  A raiju (shapeshifter) (Vaults:4)
  An air elemental (Elf:1)
  A water elemental (Shoals:2)
  A tarantella (Vaults:3)
  An ettin skeleton (Vaults:3)
  A wraith (D:10)
  12 yaks
  2 fire elementals (Elf:1)
  A hog (shapeshifter) (D:13)
  2 hogs (Shoals:1)
  2 wargs
  18 nagas
  A floating eye (shapeshifter) (Vaults:5)
  3 porcupines
  6 water moccasins
  18 orc warriors
  An eye of draining (D:10)
  9 ogres
  A sky beast (Abyss:2)
  5 boggarts (Vaults:3)
  4 wolves (Lair:6)
  3 human skeletons (Vaults:3)
  5 crocodiles
  8 centaurs
  6 bullfrogs
  2 earth elementals (Elf:1)
  3 killer bees
  A scorpion (D:5)
  4 wights
  An electric eel (Lair:1)
  2 crimson imps
  4 hounds
  3 jellies
  11 orc wizards
  A hound (shapeshifter) (Vaults:5)
  10 orc priests
  A worker ant (D:5)
  8 gnolls
  2 adders (Lair:2)
  A shadow imp (D:8)
  2 oozes (D:8)
  A worm (D:5)
  An adder skeleton (D:9)
  45 orcs
  A giant cockroach (D:8)
  A jackal (D:8)
  A giant cockroach zombie (D:5)
  A leopard gecko zombie (D:9)
  6 bushes
  24 fungi
  40 plants
  A tentacle (Shoals:1)
  A withered plant (Vaults:2)
819 creatures vanquished.

Vanquished Creatures (others)
  5 profane servitors
  A bone dragon (Zot:5)
  A tentacled monstrosity (Depths:4)
  An Orb Guardian (Zot:5)
  A deep elf blademaster (Elf:3)
  2 draconian knights
  2 draconian scorchers (Zot:3)
  7 ghouls
  A draconian shifter (Zot:5)
  A stone giant (Vaults:5)
  8 vampire knights
  3 storm dragon zombies
  A red draconian (Zot:5)
  A purple draconian (WizLab)
  A deep elf annihilator (Elf:3)
  2 very ugly thing zombies
  A quicksilver dragon skeleton (Zot:2)
  A deep troll shaman (Vaults:5)
  13 skeletal warriors
  A spectral elf (Elf:3)
  A spark wasp zombie (Depths:2)
  A storm dragon skeleton (Vaults:5)
  A ghost moth zombie (Depths:2)
  An unseen horror (Vaults:1)
  A golden dragon zombie (Zot:5)
  2 anaconda skeletons
  2 shadow dragon zombies
  8 flayed ghosts
  2 tengu zombies
  An ironbrand convoker (Vaults:1)
  9 phantasmal warriors
  A mana viper (Snake:4)
  8 draconian zombies
  A fire giant zombie (Vaults:5)
  An ugly thing zombie (Depths:3)
  A stone giant zombie (Depths:4)
  A sphinx skeleton (Depths:2)
  A fire giant skeleton (Depths:2)
  3 white draconian zombies
  A shock serpent skeleton (Snake:4)
  2 spriggan zombies (Depths:3)
  4 purple draconian zombies
  4 yellow draconian zombies
  6 sea snake zombies
  2 green draconian zombies
  4 black draconian zombies
  4 red draconian zombies
  An iron troll zombie (Depths:3)
  5 yaktaur zombies
  A purple draconian skeleton (WizLab)
  5 ghoul skeletons
  A spriggan skeleton (Depths:3)
  4 merfolk zombies
  4 guardian serpent zombies (Snake:4)
  2 moth of wrath zombies
  A satyr zombie (Shoals:4)
  3 black mamba zombies
  7 flying skulls
  A fire dragon skeleton (Depths:4)
  2 ice dragon skeletons
  2 wraiths
  12 vampires
  6 deep troll zombies
  An acid dragon (Zot:4)
  A merfolk skeleton (Shoals:4)
  2 spiny frog zombies
  A slave (D:8)
  7 human zombies
  23 elf zombies
  A boggart (Vaults:1)
  An elf skeleton (WizLab)
  A komodo dragon zombie (Lair:1)
  A yaktaur skeleton (Depths:3)
  12 water moccasin zombies
  A troll zombie (Vaults:5)
  A warg zombie (Vaults:4)
  A raiju skeleton (Abyss:2)
  4 wights
  A wolf zombie (Lair:6)
  2 bullfrog zombies
  7 centaur zombies
  A big kobold zombie (D:8)
  2 bullfrog skeletons
  A porcupine zombie (Lair:5)
  A porcupine skeleton (Lair:1)
  18 naga zombies (Snake:4)
  A crocodile zombie (Lair:2)
  An ogre zombie (Orc:1)
  A human skeleton (Orc:1)
  2 hound zombies (D:8)
  A worker ant zombie (D:5)
  2 gnolls (D:8)
  2 adders (Lair:2)
  4 adder zombies (Lair:2)
  4 orc skeletons
  An orc (Orc:1)
  9 gnoll zombies (D:8)
  A jackal (D:8)
  A gnoll skeleton (D:8)
  A jackal zombie (D:8)
  34 orc zombies
  4 bushes (D:15)
  A crawling corpse (Elf:3)
  3 demonic plants (Gauntlet)
  2 fungi
  A lurking horror (Abyss:2)
  24 plants
  11 starspawn tentacles (Abyss:2)
  9 tentacles
395 creatures vanquished.

Grand Total: 2791 creatures vanquished

Notes
Turn   | Place    | Note
-------+----------+-------------------------------------------
     0 | D:1      | sankara the Merfolk Gladiator began the quest for the Orb.
     0 | D:1      | Reached XP level 1. HP: 16/16 MP: 1/1
   235 | D:1      | Reached XP level 2. HP: 22/23 MP: 2/2
   437 | D:1      | Reached skill level 5 in Polearms
   992 | D:1      | Reached XP level 3. HP: 28/28 MP: 3/3
  2067 | D:2      | Reached XP level 4. HP: 34/34 MP: 4/4
  2134 | D:3      | Found an ancient bone altar of Kikubaaqudgha.
  2194 | D:3      | Found a white marble altar of Elyvilon.
  2247 | D:3      | Found a basalt altar of Yredelemnul.
  2255 | D:3      | Became a worshipper of Yredelemnul the Dark
  2413 | D:3      | Found a burning altar of Makhleb.
  2431 | D:3      | Reached skill level 3 in Fighting
  2431 | D:3      | Reached skill level 6 in Polearms
  2622 | D:3      | Found a sparkling altar of Nemelex Xobeh.
  2907 | D:4      | Reached skill level 5 in Dodging
  2991 | D:4      | Reached XP level 5. HP: 37/41 MP: 3/5
  3002 | D:4      | Noticed a phantom
  3107 | D:4      | Reached skill level 7 in Polearms
  3153 | D:4      | Found a sacrificial altar of Ru.
  3305 | D:4      | Reached XP level 6. HP: 32/48 MP: 4/6
  3826 | D:4      | Reached skill level 4 in Fighting
  4058 | D:4      | Reached skill level 8 in Polearms
  4097 | D:4      | Reached skill level 6 in Dodging
  4192 | D:4      | Killed a phantom
  4192 | D:4      | Reached * piety under Yredelemnul
  4192 | D:4      | Reached XP level 7. HP: 46/55 MP: 5/7
  4272 | D:5      | Entered Level 5 of the Dungeon
  4312 | D:5      | Got a faintly humming hat
  4323 | D:5      | Identified the +4 hat of Shadows and Fog {Stlth+} (You
                  | found it on level 5 of the Dungeon)
  4325 | D:5      | Found a shattered altar of Ashenzari.
  4405 | D:5      | Reached skill level 9 in Polearms
  4623 | D:5      | Reached skill level 5 in Fighting
  4719 | D:5      | Noticed a hippogriff
  4725 | D:5      | Killed a hippogriff
  4725 | D:5      | Reached skill level 10 in Polearms
  4725 | D:5      | Reached skill level 7 in Dodging
  4725 | D:5      | Reached XP level 8. HP: 50/62 MP: 5/8
  4808 | D:5      | Found a staircase to the Ecumenical Temple.
  5439 | D:5      | Reached skill level 11 in Polearms
  5447 | D:6      | Reached skill level 6 in Fighting
  5453 | D:6      | Got a scorched ring mail
  5467 | D:6      | Identified the +5 ring mail of Tartarus {rN++} (You found
                  | it on level 6 of the Dungeon)
  5482 | D:6      | Found Toichyoz's Gadget Boutique.
  5589 | D:6      | Reached ** piety under Yredelemnul
  5600 | D:6      | Found a stormy altar of Qazlal.
  5601 | D:6      | Noticed an air elemental
  5601 | D:6      | Noticed a water elemental
  5669 | D:6      | Reached skill level 8 in Dodging
  5768 | D:6      | Reached XP level 9. HP: 48/71 MP: 9/9
  5850 | D:6      | Reached skill level 12 in Polearms
  5882 | D:6      | Found a snail-covered altar of Cheibriados.
  6190 | D:7      | Found a hazy altar of Hepliaklqana.
  6225 | D:7      | Reached skill level 7 in Fighting
  6240 | D:7      | Reached skill level 9 in Dodging
  6319 | D:7      | Reached skill level 13 in Polearms
  6328 | D:7      | Found Nanynin's Gadget Shop.
  6715 | D:8      | Found Semalef's Antique Armour Boutique.
  6742 | D:8      | Noticed Harold
  6755 | D:8      | Found an iron altar of Okawaru.
  6809 | D:8      | Bought a jewelled chain mail for 275 gold pieces
  6819 | D:8      | Identified the +2 chain mail "Dimibbun" {rPois Regen+
                  | Int+6} (You bought it in a shop on level 8 of the Dungeon)
  6892 | D:8      | Found an opulent altar of Gozag.
  6894 | D:8      | Found a hazy altar of Hepliaklqana.
  6935 | D:8      | Got a pair of warped boots
  6975 | D:8      | Noticed Pikel
  6986 | D:8      | Killed Pikel
  6986 | D:8      | Reached skill level 1 in Armour
  6986 | D:8      | Reached skill level 1 in Invocations
  7019 | D:8      | Reached skill level 2 in Invocations
  7019 | D:8      | Reached XP level 10. HP: 77/80 MP: 8/11
  7122 | D:8      | Reached *** piety under Yredelemnul
  7425 | D:8      | Your ally Pikel died
  7438 | D:8      | Killed Harold
  7438 | D:8      | Reached skill level 8 in Fighting
  7438 | D:8      | Reached skill level 2 in Armour
  7438 | D:8      | Reached skill level 10 in Dodging
  7438 | D:8      | Reached skill level 3 in Invocations
  7505 | D:8      | Received a gift from Yredelemnul (4 flying skulls)
  7606 | D:8      | Identified the cursed +0 pair of boots of Edeung {rElec}
                  | (You found it on level 8 of the Dungeon)
  7929 | D:9      | Noticed a green ugly thing
  7931 | D:9      | Found a shimmering blue altar of Sif Muna.
  7944 | D:9      | Killed a green ugly thing
  7965 | D:9      | Found a hide-covered altar of Uskayaw.
  7998 | D:9      | Noticed a guardian serpent
  8013 | D:9      | Killed a guardian serpent
  8013 | D:9      | Reached skill level 14 in Polearms
  8018 | D:9      | Reached skill level 4 in Invocations
  8024 | D:9      | Found a staircase to the Lair.
  8294 | D:9      | Got a spiked plate armour
  8305 | D:9      | Identified the +1 plate armour of the Gloaming {rN+ Int+6
                  | Dex-4} (You found it on level 9 of the Dungeon)
  8405 | D:9      | Received a gift from Yredelemnul (3 flying skulls)
  8410 | D:9      | Found a bloodstained altar of Trog.
  8412 | D:9      | Found an iron altar of Okawaru.
  8416 | D:9      | Reached skill level 3 in Armour
  8468 | D:10     | Entered Level 10 of the Dungeon
  8562 | D:10     | Identified the Collected Works on Transmigration and Poison
  8634 | D:10     | Reached skill level 9 in Fighting
  8640 | D:10     | Reached skill level 11 in Dodging
  8675 | D:10     | Reached skill level 5 in Invocations
  8675 | D:10     | Reached XP level 11. HP: 89/89 MP: 14/14
  8906 | D:10     | Reached **** piety under Yredelemnul
  9165 | Lair:1   | Entered Level 1 of the Lair of Beasts
  9177 | Lair:1   | Received a gift from Yredelemnul (a wight)
  9375 | Lair:1   | Reached skill level 4 in Armour
  9547 | Lair:1   | Reached skill level 6 in Invocations
  9862 | Lair:1   | Found a runed translucent door.
  9863 | Lair:1   | Found a shimmering altar of Xom.
  9863 | Lair:1   | Noticed LostGamesStreakFreak's ghost (journeyman TrAK)
  9863 | Lair:1   | Noticed a +0 quarterstaff of chaos
 10008 | Lair:1   | Killed a +0 quarterstaff of chaos
 10028 | Lair:1   | Killed LostGamesStreakFreak's ghost
 10174 | Lair:1   | Reached skill level 12 in Dodging
 10347 | Lair:2   | Reached skill level 10 in Fighting
 10369 | Lair:2   | Received a gift from Yredelemnul (a wight)
 10478 | Lair:2   | Reached skill level 7 in Invocations
 10525 | Lair:2   | Reached skill level 5 in Armour
 10667 | Lair:2   | Reached ***** piety under Yredelemnul
 10667 | Lair:2   | Reached XP level 12. HP: 85/98 MP: 13/17
 10678 | Lair:2   | Received a gift from Yredelemnul (a wraith)
 10833 | Lair:2   | Noticed Erica
 10846 | Lair:2   | Reached skill level 13 in Dodging
 10848 | Lair:2   | Reached skill level 11 in Fighting
 11281 | Lair:2   | Got a bloodstained ring mail
 11292 | Lair:2   | Identified the cursed +1 ring mail "Zaege" {Str+6 Dex-5}
                  | (You found it on level 2 of the Lair of Beasts)
 11550 | Lair:3   | Noticed Rupert
 11570 | Lair:3   | HP: 19/101 [Rupert/+3 great mace of holy wrath (23)]
 11575 | Lair:3   | Killed Rupert
 11575 | Lair:3   | Reached skill level 12 in Fighting
 11575 | Lair:3   | Reached skill level 14 in Dodging
 11840 | Lair:3   | Noticed Snorg
 11851 | Lair:3   | Killed Snorg
 11973 | Lair:3   | Found a staircase to the Snake Pit.
 11997 | Lair:3   | Received a gift from Yredelemnul (a wight)
 12500 | Lair:4   | Found a staircase to the Shoals.
 12748 | Lair:4   | Noticed a seven-headed hydra
 12761 | Lair:4   | Killed a seven-headed hydra
 12761 | Lair:4   | Reached skill level 15 in Dodging
 12826 | Lair:4   | Reached XP level 13. HP: 109/109 MP: 18/18
 12873 | Lair:4   | Reached skill level 13 in Fighting
 12886 | Lair:4   | Killed Erica
 13359 | Lair:5   | Found a runed translucent door.
 13359 | Lair:5   | Found a viscous altar of Jiyva.
 13359 | Lair:5   | Found a staircase to the Slime Pits.
 13398 | Lair:5   | Received a gift from Yredelemnul (a vampire)
 13440 | Lair:5   | Received a gift from Yredelemnul (a wight)
 13936 | Lair:5   | Reached skill level 14 in Fighting
 14180 | Lair:6   | Entered Level 6 of the Lair of Beasts
 14186 | Lair:6   | Reached skill level 6 in Armour
 14436 | Lair:6   | Reached skill level 16 in Dodging
 14953 | Lair:6   | Received a gift from Yredelemnul (a phantasmal warrior)
 14990 | Lair:6   | Reached XP level 14. HP: 121/121 MP: 19/19
 15079 | Lair:6   | Reached skill level 8 in Invocations
 15480 | D:11     | Found a shimmering blue altar of Sif Muna.
 15482 | D:11     | Found an ancient bone altar of Kikubaaqudgha.
 15482 | D:11     | Found a stormy altar of Qazlal.
 15494 | D:11     | Received a gift from Yredelemnul (a wraith)
 15497 | D:11     | Found a shimmering altar of Xom.
 15497 | D:11     | Found a shattered altar of Ashenzari.
 15497 | D:11     | Found a shimmering altar of Xom.
 15709 | D:11     | Found a staircase to the Orcish Mines.
 16066 | D:12     | Identified a scroll of acquirement
 16066 | D:12     | Identified the amulet of Zyrotem {Faith *Drain rPois MR+}
                  | (You acquired it on level 12 of the Dungeon)
 16183 | D:12     | Found a runed translucent door.
 16302 | D:12     | Reached skill level 7 in Armour
 16332 | D:12     | Received a gift from Yredelemnul (a vampire)
 16749 | D:12     | Found a flickering gateway to a bazaar.
 16794 | Bazaar   | Entered a bazaar
 16795 | Bazaar   | Found Sixy's General Store.
 16795 | Bazaar   | Found Ataumesm's Weapon Emporium.
 16796 | Bazaar   | Found Tostruc's Distillery.
 16827 | Bazaar   | Found Esigreerr's Jewellery Boutique.
 16846 | Bazaar   | Bought 3 scrolls of fear for 115 gold pieces
 16857 | Bazaar   | Bought a potion of curing for 39 gold pieces
 16857 | Bazaar   | Bought 2 potions of curing for 78 gold pieces
 16857 | Bazaar   | Bought a potion of haste for 130 gold pieces
 16857 | Bazaar   | Bought a potion of curing for 39 gold pieces
 16857 | Bazaar   | Bought a potion of heal wounds for 65 gold pieces
 16857 | Bazaar   | Bought a potion of heal wounds for 65 gold pieces
 16857 | Bazaar   | Bought a potion of curing for 39 gold pieces
 16857 | Bazaar   | Bought a potion of mutation for 104 gold pieces
 17085 | D:13     | Found a gate leading to a gauntlet.
 17097 | Gauntlet | Entered a Gauntlet
 17097 | Gauntlet | Found a transporter.
 17097 | Gauntlet | Found a transporter.
 17101 | Gauntlet | Found a transporter.
 17105 | Gauntlet | Found a transporter.
 17111 | Gauntlet | Found a transporter.
 17129 | Gauntlet | Found a transporter.
 17134 | Gauntlet | Found a transporter.
 17134 | Gauntlet | Found a transporter.
 17138 | Gauntlet | Found a transporter.
 17144 | Gauntlet | Noticed a cacodemon
 17169 | Gauntlet | Found a transporter.
 17176 | Gauntlet | Found a transporter.
 17234 | Gauntlet | Found a transporter.
 17248 | Gauntlet | Found a transporter.
 17343 | Gauntlet | Found a transporter.
 17352 | Gauntlet | Found a transporter.
 17370 | Gauntlet | Found a transporter.
 17557 | Gauntlet | Got a brightly glowing cloak
 17563 | Gauntlet | Identified the +1 cloak of Negligence {rN++} (You found it
                  | in a Gauntlet)
 17571 | Gauntlet | Got a heavily runed glass ring
 17573 | Gauntlet | Identified the ring "Cioghoj" {-Tele rN+++ Dex+3} (You
                  | found it in a Gauntlet)
 17615 | Gauntlet | Gained mutation: You are clumsy. (Dex -2) [a neqoxec]
 17617 | Gauntlet | Killed a cacodemon
 17721 | D:13     | Found a gate to the Vaults.
 17741 | D:13     | Reached skill level 15 in Fighting
 17741 | D:13     | Reached skill level 9 in Invocations
 17780 | D:13     | Received a gift from Yredelemnul (a skeletal warrior)
 17827 | D:13     | Reached skill level 17 in Dodging
 18058 | D:13     | Got a warped leather armour
 18069 | D:13     | Identified the +0 leather armour of the Shining Light {rF+}
                  | (You found it on level 13 of the Dungeon)
 18439 | Orc:1    | Entered Level 1 of the Orcish Mines
 18500 | Orc:1    | Noticed Maurice
 18506 | Orc:1    | Killed Maurice
 18525 | Orc:1    | Received a gift from Yredelemnul (a skeletal warrior)
 18674 | Orc:1    | Found a transporter.
 18674 | Orc:1    | Found a transporter.
 18679 | Orc:1    | Noticed an orc warlord
 18680 | Orc:1    | Found a roughly hewn altar of Beogh.
 18716 | Orc:1    | Cast into level 2 of the Abyss (orc warlord)
 18835 | Abyss:2  | Found a corrupted altar of Lugonu.
 18848 | Abyss:2  | Noticed a tentacled starspawn
 18858 | Abyss:2  | Killed a tentacled starspawn
 18944 | Abyss:2  | Noticed a tentacled starspawn
 18969 | Abyss:2  | Killed a tentacled starspawn
 18969 | Abyss:2  | Reached XP level 15. HP: 65/129 MP: 22/22
 19016 | Abyss:2  | Reached skill level 8 in Armour
 19016 | Abyss:2  | Received a gift from Yredelemnul (a phantasmal warrior)
 19029 | Abyss:2  | Found a corrupted altar of Lugonu.
 19221 | Abyss:2  | Reached skill level 10 in Invocations
 19248 | Abyss:2  | Noticed a bone dragon
 19287 | Abyss:2  | Killed a bone dragon
 19502 | Abyss:2  | Noticed a tentacled starspawn
 19520 | Abyss:2  | Killed a tentacled starspawn
 19565 | Abyss:2  | Received a gift from Yredelemnul (a flayed ghost)
 19598 | Abyss:2  | Noticed a tentacled starspawn
 19606 | Abyss:2  | Killed a tentacled starspawn
 19617 | Abyss:2  | HP: 9/130 [white very ugly thing (46)]
 19634 | Abyss:2  | Noticed a kraken
 19638 | Abyss:2  | HP: 32/130 [kraken (19)]
 19641 | Abyss:2  | HP: 5/130 [kraken (28)]
 19647 | Abyss:2  | Killed a kraken
 19661 | Abyss:2  | Reached skill level 18 in Dodging
 19693 | Abyss:2  | Noticed a lich
 19698 | Orc:1    | Escaped the Abyss
 19704 | Orc:1    | Your ally Maurice died
 19733 | Orc:1    | Killed an orc warlord
 19789 | Orc:1    | Reached ****** piety under Yredelemnul
 19789 | Orc:1    | Received a gift from Yredelemnul (a skeletal warrior)
 19789 | Orc:1    | Reached skill level 16 in Fighting
 19875 | Orc:1    | Received a gift from Yredelemnul (a skeletal warrior)
 20263 | Orc:2    | Entered Level 2 of the Orcish Mines
 20304 | Orc:2    | Reached skill level 11 in Invocations
 20310 | Orc:2    | Received a gift from Yredelemnul (a vampire knight)
 20367 | Orc:2    | Found a roughly hewn altar of Beogh.
 20454 | Orc:2    | Found Gicu's Jewellery Shop.
 20506 | Orc:2    | Found a roughly hewn altar of Beogh.
 20538 | Orc:2    | Found Puutusof's Assorted Antiques.
 20602 | Orc:2    | Received a gift from Yredelemnul (a skeletal warrior)
 20765 | Orc:2    | Found Jops's Gadget Shop.
 20903 | Orc:2    | Noticed Saint Roka
 20925 | Orc:2    | Killed Saint Roka
 20925 | Orc:2    | Reached skill level 9 in Armour
 20948 | Orc:2    | Received a gift from Yredelemnul (a profane servitor)
 20963 | Orc:2    | Found Jinet's Antique Weapon Shop.
 20966 | Orc:2    | Found Zedecamo's Antique Armour Boutique.
 20967 | Orc:2    | Found a roughly hewn altar of Beogh.
 21131 | Orc:2    | Found a staircase to the Elven Halls.
 21144 | Orc:2    | Received a gift from Yredelemnul (a vampire)
 21257 | Orc:2    | Found a roughly hewn altar of Beogh.
 21296 | Orc:2    | Reached XP level 16. HP: 136/138 MP: 24/24
 21344 | Orc:2    | Found a roughly hewn altar of Beogh.
 21374 | Orc:2    | Found Muxusy's Weapon Shop.
 21624 | D:14     | Found Dotyilusk's Gadget Boutique.
 21700 | D:14     | Received a gift from Yredelemnul (a bone dragon)
 21835 | D:14     | HP: 27/139 [meliai/divine providence (13)]
 22230 | D:15     | Entered Level 15 of the Dungeon
 22242 | D:15     | Received a gift from Yredelemnul (a profane servitor)
 22526 | D:15     | Received a gift from Yredelemnul (a vampire knight)
 22601 | D:15     | Upgraded the game from 0.25-a0-388-g41a7e554cb to
                  | 0.25-a0-399-gcf1075a8b3
 22605 | D:15     | Found a staircase to the Depths.
 22885 | D:15     | Reached skill level 12 in Invocations
 23407 | Snake:1  | Entered Level 1 of the Snake Pit
 23466 | Snake:1  | Reached skill level 19 in Dodging
 23846 | Snake:1  | Identified the ring of the Worm {rC+ Int+2 Dex+5} (You
                  | acquired it on level 1 of the Snake Pit)
 23846 | Snake:1  | Identified the +5 bardiche of Starshine {drain, rPois Str+2
                  | Int+5} (You acquired it on level 1 of the Snake Pit)
 23885 | Snake:1  | Found Hyso Lep's Gadget Boutique.
 23885 | Snake:1  | Found Duhyamof's Jewellery Shoppe.
 23886 | Snake:1  | Found Firruc's Jewellery Shoppe.
 23891 | Snake:1  | Bought the ring of Day {rElec rPois rN+ Stlth-} for 552
                  | gold pieces
 23897 | Snake:1  | Bought an uncursed amulet of regeneration for 450 gold
                  | pieces
 24125 | Snake:2  | Noticed a nagaraja
 24143 | Snake:2  | Killed a nagaraja
 24210 | Snake:2  | Reached skill level 17 in Fighting
 24279 | Snake:2  | Received a gift from Yredelemnul (a phantasmal warrior)
 24287 | Snake:2  | Reached skill level 10 in Armour
 24367 | Snake:2  | Reached skill level 1 in Shields
 24842 | Snake:3  | Noticed a nagaraja
 24860 | Snake:3  | Killed a nagaraja
 24860 | Snake:3  | Reached skill level 2 in Shields
 24860 | Snake:3  | Reached XP level 17. HP: 122/147 MP: 26/26
 24889 | Snake:3  | Noticed Vashnia
 24906 | Snake:3  | Killed Vashnia
 24911 | Snake:3  | Reached skill level 13 in Invocations
 25130 | Snake:3  | Got an ichor-stained scimitar
 25216 | Snake:3  | Reached skill level 3 in Shields
 26116 | Shoals:1 | Entered Level 1 of the Shoals
 26125 | Shoals:1 | Received a gift from Yredelemnul (a flayed ghost)
 26137 | Shoals:1 | Noticed Kirke
 26147 | Shoals:1 | Killed Kirke
 26415 | Shoals:1 | Reached skill level 4 in Shields
 26435 | Shoals:1 | Received a gift from Yredelemnul (a phantasmal warrior)
 26627 | Shoals:1 | Reached skill level 20 in Dodging
 26673 | Shoals:1 | Found a burning altar of Makhleb.
 26678 | Shoals:1 | Noticed a kraken
 26691 | Shoals:1 | Killed a kraken
 27003 | Shoals:2 | Noticed Ilsuiw
 27022 | Shoals:2 | Killed Ilsuiw
 27022 | Shoals:2 | Reached skill level 14 in Invocations
 27403 | Shoals:2 | Received a gift from Yredelemnul (a ghoul)
 27420 | Shoals:2 | Found the ring of Phasing {EV+8}
 27511 | Shoals:2 | Got an ancient amethyst amulet
 27513 | Shoals:2 | Identified the amulet of Xom's Absentmindedness {+Blink
                  | Regen+ Str+5} (You found it on level 2 of the Shoals)
 28625 | Shoals:4 | Entered Level 4 of the Shoals
 28963 | Snake:4  | Entered Level 4 of the Snake Pit
 28971 | Snake:4  | Reached skill level 15 in Invocations
 29028 | Snake:4  | Reached skill level 3 in Throwing
 29115 | Snake:4  | Reached skill level 4 in Throwing
 29206 | Snake:4  | Received a gift from Yredelemnul (a phantasmal warrior)
 29329 | Snake:4  | Reached skill level 5 in Throwing
 29673 | Snake:4  | Identified the ring "Kelorior" {rPois Stlth+} (You acquired
                  | it on level 4 of the Snake Pit)
 29863 | Snake:4  | Reached skill level 6 in Throwing
 29893 | Snake:4  | Reached XP level 18. HP: 143/154 MP: 12/29
 29894 | Snake:4  | Reached skill level 7 in Throwing
 29910 | Snake:4  | Received a gift from Yredelemnul (a vampire)
 29927 | Snake:4  | Reached skill level 8 in Throwing
 29983 | Snake:4  | Reached skill level 9 in Throwing
 30227 | Snake:4  | Reached skill level 10 in Throwing
 30330 | Snake:4  | Got a serpentine rune of Zot
 30629 | Shoals:4 | Received a gift from Yredelemnul (a phantasmal warrior)
 30733 | Shoals:4 | Reached skill level 11 in Throwing
 30949 | Shoals:4 | Received a gift from Yredelemnul (a ghoul)
 31115 | Shoals:4 | Got a barnacled rune of Zot
 31165 | Shoals:4 | Reached skill level 12 in Throwing
 31243 | Shoals:4 | Received a gift from Yredelemnul (a flayed ghost)
 31374 | Shoals:4 | Got a vibrating lead ring
 31376 | Shoals:4 | Identified the ring "Haemiv" {rC- MR++ EV+2 Slay+2} (You
                  | found it on level 4 of the Shoals)
 32067 | Vaults:1 | Entered Level 1 of the Vaults
 32121 | Vaults:1 | Identified the ring of Ifrolupi {Dex+3 Stlth+}
 32171 | Vaults:1 | Identified the Grimoire of Good Luck
 32211 | Vaults:1 | Reached skill level 13 in Throwing
 32282 | Vaults:1 | Reached XP level 19. HP: 148/161 MP: 30/30
 32397 | Vaults:1 | Paralysed by an ogre mage for 7 turns
 32547 | Vaults:1 | Received a gift from Yredelemnul (a vampire)
 32593 | Vaults:1 | Reached skill level 14 in Throwing
 32843 | Vaults:1 | Received a gift from Yredelemnul (a vampire knight)
 33071 | Vaults:1 | Found Xepowuno's Book Emporium.
 33089 | Vaults:1 | Upgraded the game from 0.25-a0-399-gcf1075a8b3 to
                  | 0.25-a0-403-g49d089a364
 33166 | Vaults:2 | Found a runed translucent door.
 33166 | Vaults:2 | Noticed semitonal's ghost (adept SpEn)
 33235 | Vaults:2 | Noticed Bai Suzhen
 33245 | Vaults:2 | Killed Bai Suzhen
 33405 | Vaults:2 | Found a magical portal.
 33466 | WizLab   | HP: 28/161 [purple draconian/bolt of dispelling energy
                  | (17)]
 33469 | WizLab   | Reached skill level 15 in Polearms
 33497 | WizLab   | Reached skill level 15 in Throwing
 33506 | WizLab   | HP: 39/161 [purple draconian/bolt of dispelling energy
                  | (30)]
 33526 | WizLab   | HP: 32/161 [purple draconian/bolt of dispelling energy
                  | (28)]
 33670 | WizLab   | Received a gift from Yredelemnul (a skeletal warrior)
 34189 | WizLab   | Reached skill level 16 in Polearms
 34271 | WizLab   | Identified Iskenderun's Compendium of Conjuration
 34271 | WizLab   | Identified Iskenderun's Volume of Combat Magic
 34411 | WizLab   | HP: 40/161 [disintegration (31)]
 34808 | Vaults:2 | Your ally Bai Suzhen died
 34813 | Vaults:2 | Received a gift from Yredelemnul (a vampire)
 35264 | Vaults:2 | Noticed Xtahua
 35269 | Vaults:2 | Received a gift from Yredelemnul (a profane servitor)
 35276 | Vaults:2 | Reached skill level 17 in Polearms
 35278 | Vaults:2 | Reached XP level 20. HP: 168/168 MP: 31/31
 35286 | Vaults:2 | Killed Xtahua
 35863 | Vaults:2 | Killed semitonal's ghost
 35867 | Vaults:2 | Got a twitching golden ring
 35873 | Vaults:2 | Identified the cursed ring of Omucas {*Corrode Str-3 Int+7
                  | SInv Stlth+} (You found it on level 2 of the Vaults)
 35935 | Vaults:3 | Found a flickering gateway to a bazaar.
 35949 | Vaults:3 | Received a gift from Yredelemnul (a flayed ghost)
 35968 | Bazaar   | Entered a bazaar
 35971 | Bazaar   | Found Poryask's Jewellery Shop.
 35974 | Bazaar   | Found Ybbegusk's Book Boutique.
 35979 | Bazaar   | Found Zuerammu's Antique Weapon Shop.
 35979 | Bazaar   | Found Dazud's Jewellery Boutique.
 35999 | Bazaar   | Bought the ring of Dissent {rN++ MR+ Dex-4 SInv} for 267
                  | gold pieces
 35999 | Bazaar   | Bought the amulet of the Four Winds {rN+ MR+++ Clar} for
                  | 395 gold pieces
 35999 | Bazaar   | Found the amulet of the Four Winds {rN+ MR+++ Clar}
 36436 | Vaults:3 | Reached skill level 18 in Polearms
 36436 | Vaults:3 | Received a gift from Yredelemnul (a vampire knight)
 36443 | Vaults:3 | Received a gift from Yredelemnul (a phantasmal warrior)
 36610 | Vaults:3 | Received a gift from Yredelemnul (a profane servitor)
 36649 | Vaults:3 | Reached skill level 16 in Throwing
 36973 | Vaults:3 | Reached skill level 19 in Polearms
 36983 | Vaults:3 | Received a gift from Yredelemnul (a flayed ghost)
 37545 | Vaults:3 | Received a gift from Yredelemnul (a phantasmal warrior)
 37630 | Vaults:3 | Reached skill level 20 in Polearms
 37638 | Vaults:3 | Found a staircase to the Crypt.
 37758 | Vaults:3 | Received a gift from Yredelemnul (a phantasmal warrior)
 38229 | Vaults:4 | Noticed Sojobo
 38232 | Vaults:4 | Reached skill level 21 in Polearms
 38250 | Vaults:4 | Killed Sojobo
 38295 | Vaults:4 | Reached XP level 21. HP: 174/174 MP: 18/32
 38448 | Vaults:4 | Received a gift from Yredelemnul (a phantasmal warrior)
 38667 | Vaults:4 | Reached skill level 22 in Polearms
 38668 | Vaults:4 | Received a gift from Yredelemnul (a skeletal warrior)
 38749 | Vaults:4 | Found Noufadd's Food Boutique.
 38754 | Vaults:4 | Bought a ration for 60 gold pieces
 38754 | Vaults:4 | Bought a ration for 60 gold pieces
 38754 | Vaults:4 | Bought a ration for 60 gold pieces
 38754 | Vaults:4 | Bought a ration for 60 gold pieces
 38754 | Vaults:4 | Bought a ration for 60 gold pieces
 38754 | Vaults:4 | Bought a ration for 60 gold pieces
 38754 | Vaults:4 | Bought a ration for 60 gold pieces
 38754 | Vaults:4 | Bought a ration for 60 gold pieces
 38754 | Vaults:4 | Bought a ration for 60 gold pieces
 38754 | Vaults:4 | Bought a ration for 60 gold pieces
 38910 | Vaults:4 | Found an opulent altar of Gozag.
 39460 | Elf:1    | Entered Level 1 of the Elven Halls
 39516 | Elf:1    | Received a gift from Yredelemnul (a skeletal warrior)
 39639 | Elf:1    | Noticed Aizul
 39649 | Elf:1    | Killed Aizul
 39794 | Elf:1    | Received a gift from Yredelemnul (a vampire)
 40053 | Elf:1    | Got an encrusted ring mail
 40064 | Elf:1    | Identified the +5 ring mail of the Game of Kings {rPois rF-
                  | Str+4} (You found it on level 1 of the Elven Halls)
 40433 | Elf:2    | Reached skill level 23 in Polearms
 40574 | Elf:2    | Found a runed translucent door.
 40574 | Elf:2    | Noticed iamserjio's ghost (adept OpWn)
 40605 | Elf:2    | Killed iamserjio's ghost
 40643 | Elf:2    | Found a runed translucent gate.
 40643 | Elf:2    | Found a runed translucent gate.
 40647 | Elf:2    | Found a runed translucent gate.
 40787 | Elf:2    | Received a gift from Yredelemnul (a skeletal warrior)
 40952 | Elf:2    | Received a gift from Yredelemnul (a skeletal warrior)
 41196 | Elf:2    | Received a gift from Yredelemnul (a vampire)
 41203 | Elf:2    | Reached skill level 24 in Polearms
 41369 | Elf:3    | Entered Level 3 of the Elven Halls
 41378 | Elf:3    | Found Ynyiheh's Assorted Antiques.
 41383 | Elf:3    | Bought a scroll of teleportation for 96 gold pieces
 41383 | Elf:3    | Bought a scroll of enchant armour for 240 gold pieces
 41996 | Elf:3    | Reached skill level 25 in Polearms
 42355 | Elf:3    | Found the +3 salamander hide armour {+Rage rF++}
 42375 | Elf:3    | Got a transparent spear
 42380 | Elf:3    | Identified the +4 spear of Nemelex Xobeh's Hatred {freeze,
                  | *Rage rPois Int+3} (You found it on level 3 of the Elven
                  | Halls)
 42381 | Elf:3    | Identified the +5 spear "Dameih" {freeze, MR++ Str-4} (You
                  | found it on level 3 of the Elven Halls)
 42542 | Elf:3    | Identified the +7 chain mail of Mental Paralysis {rF+ MR+
                  | Regen+} (You found it on level 3 of the Elven Halls)
 42543 | Elf:3    | Identified the +0 pair of boots "Kihokiow" {rElec Slay+3
                  | Stlth+} (You acquired it on level 3 of the Elven Halls)
 42543 | Elf:3    | Identified the ring "Sestricw" {Ice Slay+6} (You acquired
                  | it on level 3 of the Elven Halls)
 42597 | Elf:3    | Reached XP level 22. HP: 129/181 MP: 33/33
 42708 | Elf:3    | Found the +8 mithril axe "Arga" {speed, MR+}
 43301 | Vaults:5 | Entered Level 5 of the Vaults
 43301 | Vaults:5 | Noticed an ancient lich
 43309 | Vaults:5 | Killed an ancient lich
 43328 | Vaults:5 | Reached skill level 26 in Polearms
 43329 | Vaults:5 | Received a gift from Yredelemnul (a ghoul)
 43347 | Vaults:5 | Noticed a golden dragon
 43348 | Vaults:5 | Received a gift from Yredelemnul (a vampire)
 43375 | Vaults:5 | Killed a golden dragon
 43382 | Vaults:5 | HP: 31/182 [stone giant (51)]
 43399 | Vaults:5 | Received a gift from Yredelemnul (a vampire)
 43627 | Vaults:5 | Received a gift from Yredelemnul (a skeletal warrior)
 43693 | Vaults:5 | Received a gift from Yredelemnul (a ghoul)
 43816 | Vaults:5 | Identified Sif Muna's Disquisition on Boosts and
                  | Intoxication
 43996 | Vaults:5 | Received a gift from Yredelemnul (a ghoul)
 43996 | Vaults:5 | Reached skill level 21 in Dodging
 43997 | Vaults:5 | Reached skill level 11 in Armour
 44012 | Vaults:5 | Identified the Papyrus of Spatial Transformation
 44016 | Vaults:5 | Got a silver rune of Zot
 44021 | Vaults:5 | Killed a golden dragon
 44021 | Vaults:5 | Reached skill level 18 in Fighting
 44185 | Vaults:5 | Received a gift from Yredelemnul (a flayed ghost)
 44185 | Vaults:5 | Reached XP level 23. HP: 99/190 MP: 34/34
 44196 | Vaults:5 | HP: 14/190 [lich/crystal spear (58)]
 44773 | Vaults:5 | Learned a level 3 spell: Portal Projectile
 45223 | Orc:2    | Bought a scroll of identify for 80 gold pieces
 45223 | Orc:2    | Bought a shiny helmet for 300 gold pieces
 45485 | Depths:1 | Entered Level 1 of the Depths
 45533 | Depths:1 | Got a faintly glowing cloak
 45544 | Depths:1 | Identified the +0 cloak of Xent {*Corrode +Inv rElec Int+4}
                  | (You found it on level 1 of the Depths)
 45598 | Depths:1 | Found a gateway to Hell.
 45637 | Hell     | Entered the Vestibule of Hell
 45637 | Hell     | Noticed Geryon
 45682 | Depths:1 | Found a flickering gateway to a bazaar.
 45687 | Bazaar   | Entered a bazaar
 45687 | Bazaar   | Found Rankadgh's Armour Boutique.
 45687 | Bazaar   | Found Dual's Antique Armour Boutique.
 45687 | Bazaar   | Found Ujog's Antique Weapon Shop.
 45687 | Bazaar   | Found Keah's Armour Shop.
 45687 | Bazaar   | Found Neffie Kolu's Jewellery Boutique.
 45687 | Bazaar   | Found Okhlod's Magic Scroll Boutique.
 45706 | Bazaar   | Bought a pair of embroidered boots for 270 gold pieces
 45706 | Bazaar   | Bought a warped leather armour for 252 gold pieces
 45706 | Bazaar   | Bought a polished chain mail for 342 gold pieces
 45726 | Bazaar   | Identified the cursed +0 chain mail of the Tormentor {SInv}
                  | (You bought it in a shop in a bazaar)
 45737 | Bazaar   | Identified the +2 leather armour of the Valley of Death
                  | {MR+ SInv} (You bought it in a shop in a bazaar)
 45761 | Bazaar   | Bought a scroll of teleportation for 42 gold pieces
 45761 | Bazaar   | Bought a scroll of identify for 28 gold pieces
 45761 | Bazaar   | Bought a scroll of teleportation for 42 gold pieces
 45761 | Bazaar   | Bought a scroll of identify for 28 gold pieces
 45761 | Bazaar   | Bought a scroll of fear for 49 gold pieces
 45772 | Depths:1 | Reached skill level 1 in Hexes
 45786 | Depths:1 | Reached skill level 1 in Translocations
 45796 | Depths:1 | Received a gift from Yredelemnul (a profane servitor)
 45946 | Depths:1 | Learned a level 2 spell: Blink
 45979 | Depths:1 | Noticed a juggernaut
 45993 | Depths:1 | Killed a juggernaut
 45993 | Depths:1 | Reached skill level 2 in Hexes
 46431 | Depths:2 | Reached skill level 2 in Translocations
 46635 | Depths:2 | Reached skill level 3 in Hexes
 46710 | Depths:2 | Gained mutation: Your magical capacity is low. (-10% MP) [a
                  | shining eye]
 46754 | Depths:2 | Reached skill level 3 in Translocations
 46767 | Depths:2 | Noticed a golden dragon
 46771 | Depths:2 | Killed a golden dragon
 46963 | Depths:2 | Reached skill level 4 in Hexes
 47019 | Depths:2 | Received a gift from Yredelemnul (a vampire knight)
 47461 | Depths:2 | Reached skill level 5 in Hexes
 47706 | Depths:3 | Reached skill level 22 in Dodging
 47793 | Depths:3 | Reached skill level 12 in Armour
 47807 | Depths:3 | Noticed Jory
 47830 | Depths:3 | Killed Jory
 47881 | Depths:3 | Reached skill level 19 in Fighting
 47944 | Depths:3 | Reached XP level 24. HP: 201/201 MP: 25/30
 48185 | Depths:3 | Received a gift from Yredelemnul (a skeletal warrior)
 48353 | Depths:3 | Got a warped garnet amulet
 48362 | Depths:3 | Identified the amulet "Duyhuguz" {RegenMP rElec Str+5
                  | Int-4} (You found it on level 3 of the Depths)
 48366 | Depths:3 | Got a shimmering marble ring
 48368 | Depths:3 | Identified the ring of Aneagur {Int+3 Dex-3 Slay-5 SInv
                  | Stlth-} (You found it on level 3 of the Depths)
 48382 | Depths:3 | Got an encrusted halberd
 48383 | Depths:3 | Identified the cursed +0 halberd "Oviuluaf" {freeze, +Inv}
                  | (You found it on level 3 of the Depths)
 48520 | Depths:3 | Found a one-way gate to the infinite horrors of the Abyss.
 48715 | Depths:3 | Found a one-way gate leading to the halls of Pandemonium.
 48722 | Depths:3 | Received a gift from Yredelemnul (a ghoul)
 49339 | Depths:4 | Found Ishe's Magic Scroll Shoppe.
 49542 | Depths:4 | Received a gift from Yredelemnul (a flayed ghost)
 49582 | Depths:4 | Reached skill level 23 in Dodging
 49664 | Depths:4 | Found a corrupted altar of Lugonu.
 49830 | Depths:4 | Found a gateway to a ziggurat.
 49838 | Depths:4 | Gained mutation: You are weak. (Str -2) [a shining eye]
 49839 | Depths:4 | Received a gift from Yredelemnul (a ghoul)
 49891 | Depths:4 | Found a glowing golden altar of the Shining One.
 49965 | Depths:4 | Reached skill level 13 in Armour
 50007 | Depths:4 | Reached skill level 20 in Fighting
 50380 | Depths:5 | Entered Level 5 of the Depths
 50396 | Depths:5 | Gained mutation: Your magical capacity is very low. (-20%
                  | MP) [a shining eye]
 50618 | Depths:5 | Reached XP level 25. HP: 202/211 MP: 27/27
 50669 | Depths:5 | Found a gate to the Realm of Zot.
 51177 | Depths:5 | Found Okiladaptu's Magic Scroll Boutique.
 51183 | Depths:5 | Bought a scroll of acquirement for 884 gold pieces
 51183 | Depths:5 | Identified the +1 pair of gloves of Honour {*Slow +Blink
                  | +Inv rC-} (You acquired it on level 5 of the Depths)
 51423 | Zot:1    | Entered Level 1 of the Realm of Zot
 51426 | Zot:1    | Found the +2 ratskin cloak {+Rats rPois rN+ Str-1 Int-1
                  | Dex+1}
 51940 | Zot:1    | Reached skill level 24 in Dodging
 52690 | Zot:2    | Reached skill level 21 in Fighting
 52767 | Zot:2    | Reached skill level 14 in Armour
 53937 | Zot:2    | Reached skill level 25 in Dodging
 53963 | Zot:2    | Received a gift from Yredelemnul (a flayed ghost)
 54024 | Zot:2    | Reached XP level 26. HP: 211/218 MP: 7/27
 54168 | Zot:2    | Received a gift from Yredelemnul (a vampire knight)
 54281 | Zot:2    | Reached skill level 26 in Dodging
 54504 | Zot:3    | Received a gift from Yredelemnul (a vampire)
 55063 | Zot:3    | Reached skill level 27 in Dodging
 55590 | Zot:4    | HP: 55/222 [golden dragon (1)]
 55866 | Zot:4    | Identified the Compendium of Noxious Flames
 55905 | Zot:4    | Received a gift from Yredelemnul (a vampire)
 56290 | Zot:4    | Found the ring of the Mage {Wiz MR++ Int+3}
 56299 | Zot:4    | Reached skill level 22 in Fighting
 56585 | Zot:5    | Entered Level 5 of the Realm of Zot
 56755 | Zot:5    | Received a gift from Yredelemnul (a vampire knight)
 56792 | Zot:5    | Reached XP level 27. HP: 191/231 MP: 25/27
 56803 | Zot:5    | Reached skill level 15 in Armour
 56837 | Zot:5    | HP: 54/231 [shadow dragon (5)]
 56845 | Zot:5    | HP: 52/231 [soul eater[the power of Zot] (8)]
 56850 | Zot:5    | HP: 51/231 [soul eater/drain life[the power of Zot] (4)]
 56858 | Zot:5    | HP: 54/231 [green draconian annihilator/+0 rapier (2)]
 57154 | Zot:5    | Noticed an ancient lich
 57157 | Zot:5    | Noticed an ancient lich
 57158 | Zot:5    | Noticed an orb of fire
 57163 | Zot:5    | Killed an ancient lich
 57163 | Zot:5    | Identified the +10 trident of Cifo {elec, -Tele rF++ rN+}
 57167 | Zot:5    | Noticed an orb of fire
 57187 | Zot:5    | Gained mutation: Armour fits poorly on your strangely
                  | shaped body. [an orb of fire]
 57188 | Zot:5    | Gained mutation: Scrolls take you a little longer to read.
                  | [an orb of fire]
 57189 | Zot:5    | Killed an orb of fire
 57192 | Zot:5    | Killed an orb of fire
 57194 | Zot:5    | HP: 55/233 [death cob (18)]
 57194 | Zot:5    | Noticed an orb of fire
 57195 | Zot:5    | HP: 25/233 [death cob (23)]
 57195 | Zot:5    | Killed an ancient lich
 57204 | Zot:5    | Killed an orb of fire
 57300 | Zot:5    | HP: 51/233 [Orb Guardian (10)]
 57301 | Zot:5    | Received a gift from Yredelemnul (a skeletal warrior)
 57341 | Zot:5    | Noticed an ancient lich
 57351 | Zot:5    | Killed an ancient lich
 57533 | Zot:5    | Reached skill level 23 in Fighting
 57554 | Zot:5    | Noticed an orb of fire
 57556 | Zot:5    | Noticed an orb of fire
 57562 | Zot:5    | Noticed an orb of fire
 57564 | Zot:5    | Noticed an orb of fire
 57565 | Zot:5    | HP: 44/235 [orb of fire/bolt of fire (26)]
 57571 | Zot:5    | HP: 40/235 [orb of fire/bolt of fire (24)]
 57574 | Zot:5    | HP: 16/235 [orb of fire/bolt of fire (26)]
 57574 | Zot:5    | Gained mutation: Your skin changes colour to match your
                  | surroundings (Stealth+). [an orb of fire]
 57589 | Zot:5    | Killed an orb of fire
 57589 | Zot:5    | Reached skill level 16 in Armour
 57589 | Zot:5    | Noticed an ancient lich
 57596 | Zot:5    | Gained mutation: Your natural rate of healing is unusually
                  | fast. [an orb of fire]
 57601 | Zot:5    | Gained mutation: Scrolls take you longer to read. [an orb
                  | of fire]
 57602 | Zot:5    | HP: 46/235 [Orb Guardian (18)]
 57604 | Zot:5    | Killed an orb of fire
 57605 | Zot:5    | HP: 19/235 [Orb Guardian (30)]
 57606 | Zot:5    | HP: 4/235 [Orb Guardian (15)]
 57608 | Zot:5    | Noticed an ancient lich
 57610 | Zot:5    | Gained mutation: You possess an exceptional clarity of
                  | mind. [an orb of fire]
 57611 | Zot:5    | HP: 6/235 [Orb Guardian (23)]
 57612 | Zot:5    | Slain by an Orb Guardian

Levels and vault maps discovered:
D:1:      wheals_arrival_linesprint, layout_basic, minmay_tetromino_i2
D:2:      layout_basic, chequers_serial_rivers_micro_c, hex_medium
D:3:      layout_basic, kennysheep_ying_yang, kiku_gazebo_pond_becter,
          nemelex_xobeh_ov_fountains_minmay, first_ration,
          makhleb_blood_cavern_becter
D:4:      layout_rooms, nicolae_ru_great_annihilating_truth,
          serial_bayou_pond_d, nrook_mini_backslash, minmay_fire_ice_demons
D:5:      layout_rooms, nicolae_overflow_crystal_walls,
          minmay_temple_entry_statues, kennysheep_dice
D:6:      layout_cave_pools, marbit_many_paths, chequers_ossuary_entry_cave,
          serial_shops, shop, nicolae_qazlal_style_of_elements
D:7:      layout_cave_pools, serial_shops, shop, basic_altar
D:8:      layout_cave_pools, chequers_temple_overflow_statue_of_worship,
          serial_gnoll_camp, gnoll_camp_mini_shop, gnoll_camp_medium_02,
          gnoll_camp_huts_moat, gnoll_camp_mini_doghouse,
          hangedman_little_slice_of_home, okawaru_trees_2, uniq_pikel,
          uniq_harold
D:9:      cheibrodos_iron_armory, layout_rooms,
          grunt_temple_overflow_bloody_war, overflow_temple_1_default,
          old_standard_altar, dpeg_oklobed_lair, minmay_misc_feat_room,
          nrook_guardian_serpent_double
D:10:     layout_rooms, nicolae_twisting_strands, evilmike_butchery
D:11:     layout_roguey, orc_0_dummy, doesnt_xom_only_xom
D:12:     cheibrodos_shockbox, layout_loops_ring, serial_shops, bzr_entry_safe,
          st_stairs_7
D:13:     layout_roguey, erik_vaults_1, gauntlet_entry_generic,
          minmay_fractal_squares_5
D:14:     layout_roguey, serial_shops, nicolae_shop_window_shopping,
          minivault_25
D:15:     hangedman_depths_entry_try_elsewhere_first, layout_basic,
          minmay_hedge_maze
Lair:1:   layout_loops_ring, serial_bayou, serial_bayou_pond_a,
          serial_bayou_pond_d, serial_bayou_lake_a, serial_bayou_pond_d,
          ebering_ghost_xom, minivault_23, chequers_serial_rivers_large_a,
          chequers_serial_rivers_small_a, serial_bayou_crossing
Lair:2:   lemuel_reptile_caves, layout_loops_ring,
          chequers_serial_rivers_small_3, minmay_holes, hibernation_bobbens,
          uniq_erica
Lair:3:   layout_regular_city, minmay_snake_entry_guardpost_large, uniq_rupert,
          uniq_snorg
Lair:4:   layout_gridlike, elwin_shoals_entry_rooms, grunt_megastairs_3
Lair:5:   layout_cave_pods, slime_altar_2, beast_lair_carwin_5,
          infiniplex_staircase_pool_2
Lair:6:   hangedman_lair_in_review, layout_regular_city, serial_forest,
          infiniplex_forest_lined_2, infiniplex_forest_lined_4_way,
          infiniplex_forest_clump_diagonal, infiniplex_forest_corner_1,
          infiniplex_forest_end_1, infiniplex_forest_clump_C,
          infiniplex_forest_clump_double, minmay_lair_oklob_chamber
Shoals:1: layout_shoals, wheals_shoals_ruined_temple, uniq_kirke
Shoals:2: layout_shoals, uniq_ilsuiw
Shoals:3: layout_shoals, nicolae_shoals_loop_pool
Shoals:4: shoals_end_grunt_ice, layout_shoals, shoals_ilsuiw_ice
Snake:1:  layout_grid_maze, lemuel_fruit_tree, minmay_shop_grove
Snake:2:  layout_onion_interference, grunt_ministairs_6
Snake:3:  layout_chambers, uniq_vashnia
Snake:4:  johnstein_snake_rune_scales, layout_cave_town
Orc:1:    gammafunk_beogh_shrine, layout_caves, lightli_orcish_oven,
          uniq_maurice
Orc:2:    grunt_orc_community_town_hall, layout_caves,
          grunt_orc_community_big_house_2, grunt_orc_community_big_house_2,
          grunt_orc_community_house_2, grunt_orc_community_house_2,
          grunt_orc_community_house_1, grunt_orc_community_house_1,
          grunt_orc_community_house_2, grunt_orc_community_house_1,
          serial_shops, shop, nicolae_shop_stone
Elf:1:    minmay_elf_arrival_summoners, layout_onion_city, minivault_28,
          corexii_leaking_fountain, wad_floor_pattern_untrapped, uniq_aizul
Elf:2:    layout_geoelf_octagon, gammafunk_ghost_grave, dk_noncrumbling_3
Elf:3:    grunt_elf_hall_branching, layout_gridlike, serial_shops, shop,
          minmay_crystal_room, columned_hall_lemuel
Vaults:1: vaults_room_corners, vaults_dpeg_hooks, v_pattern_5,
          ontoclasm_vaults_decontamination, nicolae_vaults_asterisk,
          ontoclasm_vaults_chip, ontoclasm_vaults_shuriken,
          grunt_vaults_hallway_short, v_misc_16, st_hourglassy,
          vaults_room_mumra_shop_pool, vaults_dpeg_cross, vaults_dpeg_spiral,
          nicolae_vaults_little_squares_3, layout_vaults_maze_snakey
Vaults:2: gammafunk_vaults_ghost_grave, st_diamondy, v_pattern_2, v_misc_18,
          vaults_standard_mumra_enter_the_diamond, v_misc_5,
          dpeg_vaults_monster_row, hangedman_vaults_nails, serial_ice_h,
          vaults_room_door_ring, layout_vaults_omnigrid, mu_enter_wizlab_3,
          uniq_xtahua, uniq_bai_suzhen
Vaults:3: vaults_room_door_ring, v_misc_33, ontoclasm_vaults_ring_small,
          ontoclasm_vaults_ring_small, minmay_crypt_entry_skeletal_spiral,
          vaults_standard_mumra_lines, nicolae_vaults_network_quinsquares
          [nicolae_vaults_network_quincunx_subvault,
          nicolae_vaults_network_quincunx_subvault,
          nicolae_vaults_network_quincunx_subvault,
          nicolae_vaults_network_quincunx_subvault],
          nicolae_vaults_network_barrier, st_lines, v_pattern_4,
          nicolae_vaults_windows_and_doors_thing, layout_vaults_ring,
          serial_shops, bzr_entry_lakeside
Vaults:4: v_misc_12, hangedman_vaults_nails, v_misc_29, vaults_room_pool,
          vaults_mumra_chevron_long, vaults_room_stairs_pillars,
          nicolae_vaults_hallways_thing, nicolae_vaults_gold_heap,
          vaults_mumra_minichess_inversion, nicolae_vaults_diagonal_hallway_7,
          hangedman_vaults_nails, ontoclasm_vaults_ring_large,
          vaults_room_fours, layout_vaults_omnicross, serial_shops, shop,
          basic_altar, uniq_sojobo
Vaults:5: serial_shops
Depths:1: layout_basic, hell_entry, serial_shops, bzr_entry_road,
          grunt_decor_mini_mirrors, kennysheep_inner_square,
          serial_bayou_shore_a
Depths:2: hangedman_crystal_crosses_colossus [crystal_crosses_arms_four,
          crystal_crosses_arms_two, crystal_crosses_arms_two,
          crystal_crosses_arms_one], hell_entry
Depths:3: minmay_the_grid_plus [minmay_the_grid_gridbox, minmay_the_grid_garden,
          minmay_the_grid_airy, minmay_the_grid_tree,
          minmay_the_grid_prize_trominoes], layout_basic, hell_entry, pan_entry,
          serial_sigils_hangedman_scratch, abyss_entry_small_statue_room,
          infiniplex_staircase_trident, uniq_jory
Depths:4: minmay_slanted_spiral_squares, layout_gridville, enter_ziggurat_c,
          lemuel_statue_altar, pf_coc_iceberg, abyss_entry, serial_shops, shop,
          tgw_lugonu_bribe
Depths:5: evilmike_zot_entry_diamond, layout_gridville,
          pf_vacation_house_of_asmodeus, serial_shops, shop,
          chequers_serial_rivers_room_a, fake_guardian_serpent_vault
Hell
Zot:1:    kennysheep_blocky_room, layout_cathedral_of_symmetry
Zot:2:    lemuel_acid_trip, layout_cathedral_of_symmetry
Zot:3:    layout_basic, grunt_megastairs_4
Zot:4:    layout_onion_interference, st_large_dragon_hoard_2
Zot:5:    layout_basic, nicolae_lava_and_water, grunt_ministairs_3

Skill      XL: |  1  2  3  4  5  6  7  8  9 10 11 12 13 14 15 16 17 18 19 20 21 22 23 24 25 26 27 |
---------------+----------------------------------------------------------------------------------+-----
Polearms       | 5 6 7 8 10 11 13 14 17 21 25 26 | 26.0
Fighting       | 3 4 5 6 7 9 10 12 14 15 16 17 18 19 20 21 22 23 | 23.3
Dodging        | 5 6 7 8 9 11 12 15 16 17 18 19 20 21 22 23 25 27 | 27.0
Armour         | 1 3 5 6 7 9 10 11 12 13 14 16 | 16.1
Invocations    | 2 5 7 9 11 12 15 | 15.0
Shields        | 2 4 |  4.0
Throwing       | 6 13 15 16 | 16.0
Hexes          | 5 |  5.0
Translocations | 3 |  3.0

Action                   |  1- 3 |  4- 6 |  7- 9 | 10-12 | 13-15 | 16-18 | 19-21 | 22-24 | 25-27 || total
-------------------------+-------+-------+-------+-------+-------+-------+-------+-------+-------++-------
Melee: Trident           |   147 |   224 |   418 |    91 |       |       |       |       |       ||   880
       Spear             |       |       |       |   714 |   536 |       |       |       |       ||  1250
       Tailslap          |       |       |       |     4 |    12 |    11 |       |     2 |       ||    29
       Demon trident     |       |       |       |       |   879 |  1404 |  1093 |       |       ||  3376
       Bardiche          |       |       |       |       |       |       |   348 |  1135 |  1013 ||  2496
Throw: Javelin           |       |       |       |       |       |     1 |     2 |     8 |     6 ||    17
       Dart              |       |       |       |       |       |       |       |       |     3 ||     3
 Cast: Blink             |       |       |       |       |       |       |       |       |     2 ||     2
       Portal Projectile |       |       |       |       |       |       |       |       |     1 ||     1
Invok: Animate Remains   |       |       |    26 |     8 |       |       |       |       |       ||    34
       Animate Dead      |       |       |       |    50 |    75 |    95 |    85 |    63 |    24 ||   392
       Recall Undead Sla |       |       |       |     2 |     5 |     3 |     2 |     3 |     3 ||    18
       Drain Life        |       |       |       |       |     6 |    14 |    14 |    14 |    25 ||    73
       Injury Mirror     |       |       |       |       |     1 |       |       |       |     1 ||     2
       Enslave Soul      |       |       |       |       |       |       |     1 |       |       ||     1
Evoke: Wand              |       |       |       |       |       |       |       |     1 |       ||     1
  Use: Scroll            |       |     1 |       |     4 |    24 |    10 |    20 |     8 |     6 ||    73
       Potion            |       |     1 |     2 |     1 |     7 |     1 |       |       |    26 ||    38
 Stab: Paralysed         |       |     2 |       |       |     1 |       |       |     1 |     2 ||     6
       Sleeping          |       |     1 |     4 |     1 |       |       |       |       |       ||     6
       Distracted        |       |       |     3 |    15 |    15 |    26 |    20 |    16 |    19 ||   114
       Invisible         |       |       |       |       |       |       |       |       |     9 ||     9
       Confused          |       |       |       |       |       |       |       |       |     1 ||     1
  Eat: Chunk             |     4 |     7 |    16 |    26 |    43 |    42 |    33 |    34 |    15 ||   220
       Ration            |       |       |       |     3 |     3 |     7 |     9 |     5 |     7 ||    34
Armor: Leather armour    |    23 |    35 |    20 |       |       |       |       |       |       ||    78
       Ring mail         |       |       |    69 |    24 |       |       |       |       |       ||    93
       Chain mail        |       |       |       |    88 |   359 |   298 |    87 |   238 |   419 ||  1489
       Fire dragon scale |       |       |       |       |       |       |    69 |       |       ||    69
Dodge: Dodged            |    77 |   126 |   261 |   223 |   615 |   835 |   623 |   886 |  1611 ||  5257
Block: Buckler           |       |       |       |       |       |   195 |   128 |       |       ||   323

Table legend:
 A = Non-vault XP
 B = Vault XP
 C = Vault XP percentage of total XP
 D = Non-vault monster count
 E = Vault monster count
 F = Vault count percentage of total count
                 A         B        C        D         E       F
            +---------+---------+-------+---------+---------+-------
      Total |  656297 |  720832 |  52.3 |    1360 |     972 |  41.7
            +---------+---------+-------+---------+---------+-------
        D:1 |      31 |       3 |   8.8 |      17 |       2 |  10.5
        D:2 |      54 |       0 |   0.0 |      19 |       0 |   0.0
        D:3 |      18 |      43 |  70.5 |       4 |       1 |  20.0
        D:4 |     455 |     108 |  19.2 |      19 |       6 |  24.0
        D:5 |    1185 |       0 |   0.0 |      29 |       0 |   0.0
        D:6 |     633 |     100 |  13.6 |      14 |       1 |   6.7
        D:7 |    1032 |       0 |   0.0 |      22 |       0 |   0.0
        D:8 |     298 |    2408 |  89.0 |      12 |      52 |  81.2
        D:9 |    1691 |     505 |  23.0 |      20 |       2 |   9.1
       D:10 |    1229 |       0 |   0.0 |      20 |       0 |   0.0
       D:11 |    1872 |       0 |   0.0 |      20 |       0 |   0.0
       D:12 |    3954 |      42 |   1.1 |      39 |       1 |   2.5
       D:13 |    4262 |    2248 |  34.5 |      19 |       5 |  20.8
       D:14 |    8694 |       0 |   0.0 |      28 |       0 |   0.0
       D:15 |   10303 |    2996 |  22.5 |      41 |       4 |   8.9
     Lair:1 |    4300 |    1133 |  20.9 |      25 |       2 |   7.4
     Lair:2 |    6096 |    2862 |  31.9 |      29 |      35 |  54.7
     Lair:3 |     881 |    3984 |  81.9 |       3 |       8 |  72.7
     Lair:4 |    4771 |    1216 |  20.3 |      22 |       4 |  15.4
     Lair:5 |    8373 |    1325 |  13.7 |      23 |       8 |  25.8
     Lair:6 |    6306 |    7706 |  55.0 |      25 |      22 |  46.8
   Shoals:1 |   11478 |    4041 |  26.0 |      27 |       7 |  20.6
   Shoals:2 |    4025 |    2937 |  42.2 |      14 |       5 |  26.3
   Shoals:3 |    8591 |       0 |   0.0 |      21 |       0 |   0.0
   Shoals:4 |    8958 |   21832 |  70.9 |      23 |      38 |  62.3
    Snake:1 |   14749 |       0 |   0.0 |      35 |       0 |   0.0
    Snake:2 |   11420 |    1387 |  10.8 |      25 |       2 |   7.4
    Snake:3 |    5161 |    5170 |  50.0 |       7 |       6 |  46.2
    Snake:4 |   14587 |   37296 |  71.9 |      31 |      69 |  69.0
      Orc:1 |    2585 |    5747 |  69.0 |      39 |      22 |  36.1
      Orc:2 |    4744 |    9333 |  66.3 |      37 |      71 |  65.7
      Elf:1 |   12011 |    8245 |  40.7 |      28 |      19 |  40.4
      Elf:2 |   12201 |   18293 |  60.0 |      19 |      30 |  61.2
      Elf:3 |   22261 |   21297 |  48.9 |      42 |      28 |  40.0
   Vaults:1 |   22792 |   21957 |  49.1 |      49 |      33 |  40.2
   Vaults:2 |   12667 |   23197 |  64.7 |      28 |      28 |  50.0
   Vaults:3 |   35259 |   20052 |  36.3 |      77 |      55 |  41.7
   Vaults:4 |   17080 |   21512 |  55.7 |      43 |      35 |  44.9
   Vaults:5 |   12971 |  101664 |  88.7 |      31 |      97 |  75.8
   Depths:1 |   14994 |    8008 |  34.8 |      15 |       3 |  16.7
   Depths:2 |       0 |   66866 | 100.0 |       0 |      56 | 100.0
   Depths:3 |   63823 |   20722 |  24.5 |      84 |      18 |  17.6
   Depths:4 |   38315 |   19957 |  34.2 |      42 |      21 |  33.3
   Depths:5 |   20638 |   15464 |  42.8 |      21 |      11 |  34.4
      Zot:1 |   47792 |   14224 |  22.9 |      24 |       8 |  25.0
      Zot:2 |   35893 |   41303 |  53.5 |      20 |      47 |  70.1
      Zot:3 |   43738 |    5639 |  11.4 |      33 |       5 |  13.2
      Zot:4 |   41789 |   32778 |  44.0 |      28 |      15 |  34.9
      Zot:5 |   19974 |  111581 |  84.8 |      17 |      41 |  70.7
    Abyss:2 |   29363 |    1806 |   5.8 |      50 |       1 |   2.0
     WizLab |       0 |   26685 | 100.0 |       0 |      36 | 100.0
   Gauntlet |       0 |    5160 | 100.0 |       0 |      12 | 100.0
            +---------+---------+-------+---------+---------+-------

Levels and vault maps discovered:
D:1:      wheals_arrival_linesprint, layout_basic, minmay_tetromino_i2
D:2:      layout_basic, chequers_serial_rivers_micro_c, hex_medium
D:3:      layout_basic, kennysheep_ying_yang, kiku_gazebo_pond_becter,
          nemelex_xobeh_ov_fountains_minmay, first_ration,
          makhleb_blood_cavern_becter
D:4:      layout_rooms, nicolae_ru_great_annihilating_truth,
          serial_bayou_pond_d, nrook_mini_backslash, minmay_fire_ice_demons
D:5:      layout_rooms, nicolae_overflow_crystal_walls,
          minmay_temple_entry_statues, kennysheep_dice
D:6:      layout_cave_pools, marbit_many_paths, chequers_ossuary_entry_cave,
          serial_shops, shop, nicolae_qazlal_style_of_elements
D:7:      layout_cave_pools, serial_shops, shop, basic_altar
D:8:      layout_cave_pools, chequers_temple_overflow_statue_of_worship,
          serial_gnoll_camp, gnoll_camp_mini_shop, gnoll_camp_medium_02,
          gnoll_camp_huts_moat, gnoll_camp_mini_doghouse,
          hangedman_little_slice_of_home, okawaru_trees_2, uniq_pikel,
          uniq_harold
D:9:      cheibrodos_iron_armory, layout_rooms,
          grunt_temple_overflow_bloody_war, overflow_temple_1_default,
          old_standard_altar, dpeg_oklobed_lair, minmay_misc_feat_room,
          nrook_guardian_serpent_double
D:10:     layout_rooms, nicolae_twisting_strands, evilmike_butchery
D:11:     layout_roguey, orc_0_dummy, doesnt_xom_only_xom
D:12:     cheibrodos_shockbox, layout_loops_ring, serial_shops, bzr_entry_safe,
          st_stairs_7
D:13:     layout_roguey, erik_vaults_1, gauntlet_entry_generic,
          minmay_fractal_squares_5
D:14:     layout_roguey, serial_shops, nicolae_shop_window_shopping,
          minivault_25
D:15:     hangedman_depths_entry_try_elsewhere_first, layout_basic,
          minmay_hedge_maze
Lair:1:   layout_loops_ring, serial_bayou, serial_bayou_pond_a,
          serial_bayou_pond_d, serial_bayou_lake_a, serial_bayou_pond_d,
          ebering_ghost_xom, minivault_23, chequers_serial_rivers_large_a,
          chequers_serial_rivers_small_a, serial_bayou_crossing
Lair:2:   lemuel_reptile_caves, layout_loops_ring,
          chequers_serial_rivers_small_3, minmay_holes, hibernation_bobbens,
          uniq_erica
Lair:3:   layout_regular_city, minmay_snake_entry_guardpost_large, uniq_rupert,
          uniq_snorg
Lair:4:   layout_gridlike, elwin_shoals_entry_rooms, grunt_megastairs_3
Lair:5:   layout_cave_pods, slime_altar_2, beast_lair_carwin_5,
          infiniplex_staircase_pool_2
Lair:6:   hangedman_lair_in_review, layout_regular_city, serial_forest,
          infiniplex_forest_lined_2, infiniplex_forest_lined_4_way,
          infiniplex_forest_clump_diagonal, infiniplex_forest_corner_1,
          infiniplex_forest_end_1, infiniplex_forest_clump_C,
          infiniplex_forest_clump_double, minmay_lair_oklob_chamber
Shoals:1: layout_shoals, wheals_shoals_ruined_temple, uniq_kirke
Shoals:2: layout_shoals, uniq_ilsuiw
Shoals:3: layout_shoals, nicolae_shoals_loop_pool
Shoals:4: shoals_end_grunt_ice, layout_shoals, shoals_ilsuiw_ice
Snake:1:  layout_grid_maze, lemuel_fruit_tree, minmay_shop_grove
Snake:2:  layout_onion_interference, grunt_ministairs_6
Snake:3:  layout_chambers, uniq_vashnia
Snake:4:  johnstein_snake_rune_scales, layout_cave_town
Orc:1:    gammafunk_beogh_shrine, layout_caves, lightli_orcish_oven,
          uniq_maurice
Orc:2:    grunt_orc_community_town_hall, layout_caves,
          grunt_orc_community_big_house_2, grunt_orc_community_big_house_2,
          grunt_orc_community_house_2, grunt_orc_community_house_2,
          grunt_orc_community_house_1, grunt_orc_community_house_1,
          grunt_orc_community_house_2, grunt_orc_community_house_1,
          serial_shops, shop, nicolae_shop_stone
Elf:1:    minmay_elf_arrival_summoners, layout_onion_city, minivault_28,
          corexii_leaking_fountain, wad_floor_pattern_untrapped, uniq_aizul
Elf:2:    layout_geoelf_octagon, gammafunk_ghost_grave, dk_noncrumbling_3
Elf:3:    grunt_elf_hall_branching, layout_gridlike, serial_shops, shop,
          minmay_crystal_room, columned_hall_lemuel
Vaults:1: vaults_room_corners, vaults_dpeg_hooks, v_pattern_5,
          ontoclasm_vaults_decontamination, nicolae_vaults_asterisk,
          ontoclasm_vaults_chip, ontoclasm_vaults_shuriken,
          grunt_vaults_hallway_short, v_misc_16, st_hourglassy,
          vaults_room_mumra_shop_pool, vaults_dpeg_cross, vaults_dpeg_spiral,
          nicolae_vaults_little_squares_3, layout_vaults_maze_snakey
Vaults:2: gammafunk_vaults_ghost_grave, st_diamondy, v_pattern_2, v_misc_18,
          vaults_standard_mumra_enter_the_diamond, v_misc_5,
          dpeg_vaults_monster_row, hangedman_vaults_nails, serial_ice_h,
          vaults_room_door_ring, layout_vaults_omnigrid, mu_enter_wizlab_3,
          uniq_xtahua, uniq_bai_suzhen
Vaults:3: vaults_room_door_ring, v_misc_33, ontoclasm_vaults_ring_small,
          ontoclasm_vaults_ring_small, minmay_crypt_entry_skeletal_spiral,
          vaults_standard_mumra_lines, nicolae_vaults_network_quinsquares
          [nicolae_vaults_network_quincunx_subvault,
          nicolae_vaults_network_quincunx_subvault,
          nicolae_vaults_network_quincunx_subvault,
          nicolae_vaults_network_quincunx_subvault],
          nicolae_vaults_network_barrier, st_lines, v_pattern_4,
          nicolae_vaults_windows_and_doors_thing, layout_vaults_ring,
          serial_shops, bzr_entry_lakeside
Vaults:4: v_misc_12, hangedman_vaults_nails, v_misc_29, vaults_room_pool,
          vaults_mumra_chevron_long, vaults_room_stairs_pillars,
          nicolae_vaults_hallways_thing, nicolae_vaults_gold_heap,
          vaults_mumra_minichess_inversion, nicolae_vaults_diagonal_hallway_7,
          hangedman_vaults_nails, ontoclasm_vaults_ring_large,
          vaults_room_fours, layout_vaults_omnicross, serial_shops, shop,
          basic_altar, uniq_sojobo
Vaults:5: serial_shops
Depths:1: layout_basic, hell_entry, serial_shops, bzr_entry_road,
          grunt_decor_mini_mirrors, kennysheep_inner_square,
          serial_bayou_shore_a
Depths:2: hangedman_crystal_crosses_colossus [crystal_crosses_arms_four,
          crystal_crosses_arms_two, crystal_crosses_arms_two,
          crystal_crosses_arms_one], hell_entry
Depths:3: minmay_the_grid_plus [minmay_the_grid_gridbox, minmay_the_grid_garden,
          minmay_the_grid_airy, minmay_the_grid_tree,
          minmay_the_grid_prize_trominoes], layout_basic, hell_entry, pan_entry,
          serial_sigils_hangedman_scratch, abyss_entry_small_statue_room,
          infiniplex_staircase_trident, uniq_jory
Depths:4: minmay_slanted_spiral_squares, layout_gridville, enter_ziggurat_c,
          lemuel_statue_altar, pf_coc_iceberg, abyss_entry, serial_shops, shop,
          tgw_lugonu_bribe
Depths:5: evilmike_zot_entry_diamond, layout_gridville,
          pf_vacation_house_of_asmodeus, serial_shops, shop,
          chequers_serial_rivers_room_a, fake_guardian_serpent_vault
Hell
Zot:1:    kennysheep_blocky_room, layout_cathedral_of_symmetry
Zot:2:    lemuel_acid_trip, layout_cathedral_of_symmetry
Zot:3:    layout_basic, grunt_megastairs_4
Zot:4:    layout_onion_interference, st_large_dragon_hoard_2
Zot:5:    layout_basic, nicolae_lava_and_water, grunt_ministairs_3

Table legend:
 A = Turns spent in this place as a percentage of turns spent in the entire game.
 B = Non-inter-level travel turns spent in this place as a percentage of non-inter-level travel turns spent in the entire game.
 C = Inter-level travel turns spent in this place as a percentage of turns spent in this place.
 D = Turns resting spent in this place as a percentage of non-inter-level travel turns spent in this place.
 E = Turns spent auto-exploring this place as a percentage of non-inter-level travel turns spent in this place.
 F = Non-inter-level travel turns spent in this place divided by the number of levels of this place that you've seen.
                   A       B       C       D       E      F
               +-------+-------+-------+-------+-------+----------------------
         Total | 100.0 | 100.0 |   7.8 |  12.4 |  55.7 | 948.6
       Dungeon |  24.2 |  23.5 |  10.5 |  10.7 |  59.3 | 832.6
          Lair |  11.9 |  11.4 |  11.9 |   6.9 |  62.3 | 1010.5
        Shoals |   6.9 |   6.8 |   8.9 |   0.2 |  69.9 | 899.8
     Snake Pit |   7.3 |   7.4 |   5.9 |   7.6 |  63.6 | 987.2
  Orcish Mines |   4.2 |   3.9 |  14.0 |   0.0 |  67.7 | 1037.0
   Elven Halls |   6.0 |   6.2 |   4.1 |  11.7 |  58.1 | 1103.7
        Vaults |  12.7 |  12.2 |  11.5 |   6.6 |  56.7 | 1300.0
        Depths |  10.2 |  10.6 |   3.5 |  20.2 |  50.3 | 1130.6
          Hell |   0.0 |   0.0 |   0.0 |   0.0 |   0.0 |   2.0
           Zot |  10.7 |  11.5 |   1.3 |  32.4 |  40.7 | 1222.0
         Abyss |   1.7 |   1.8 |   0.0 |   0.0 |  17.3 | 982.0
        Bazaar |   0.8 |   0.9 |   0.0 |   0.0 |  71.6 | 157.3
        Wizlab |   2.3 |   2.5 |   0.0 |  41.0 |  17.3 | 1306.0
      Gauntlet |   1.1 |   1.1 |   0.0 |   3.4 |  52.3 | 610.0
               +-------+-------+-------+-------+-------+----------------------

Table legend:
 A = Kills in this place as a percentage of kills in entire the game.
 B = Kills by you in this place as a percentage of kills by you in the entire game.
 C = Kills by friends in this place as a percentage of kills by friends in the entire game.
 D = Other kills in this place as a percentage of other kills in the entire game.
 E = Experience gained in this place as a percentage of experience gained in the entire game.
 F = Experience gained in this place divided by the number of levels of this place that you have seen.
                   A       B       C       D       E      F
               +-------+-------+-------+-------+-------+----------------------
         Total | 100.0 | 100.0 | 100.0 | 100.0 | 100.0 | 24591.6
       Dungeon |  17.0 |  20.8 |   9.5 |   0.0 |   3.2 | 2944.3
          Lair |   8.8 |   8.1 |  10.4 |   5.3 |   3.6 | 8158.8
        Shoals |   5.8 |   5.0 |   7.5 |   0.0 |   4.5 | 15465.5
     Snake Pit |   7.5 |   6.1 |  10.4 |   5.3 |   6.5 | 22442.5
  Orcish Mines |   7.2 |   7.2 |   7.5 |   0.0 |   1.6 | 11204.5
   Elven Halls |   7.1 |   5.9 |   9.5 |  10.5 |   6.8 | 31436.0
        Vaults |  20.4 |  16.0 |  29.7 |  21.1 |  21.0 | 57830.2
        Depths |  11.6 |  13.7 |   7.2 |  10.5 |  19.5 | 53757.4
           Zot |  10.2 |  11.6 |   6.4 |  42.1 |  28.7 | 78942.2
         Abyss |   2.2 |   3.0 |   0.5 |   0.0 |   2.3 | 31169.0
        Wizlab |   1.5 |   1.7 |   1.2 |   5.3 |   1.9 | 26685.0
      Gauntlet |   0.5 |   0.8 |   0.0 |   0.0 |   0.4 | 5160.0
               +-------+-------+-------+-------+-------+----------------------
